Workbook
Name \a: #N/A
Name \b: #N/A
Name \c: #N/A
Name \d: #N/A
Name \e: #N/A
Name \f: #N/A
Name \g: #N/A
Name \h: #N/A
Name \i: #N/A
Name \j: #N/A
Name \k: #N/A
Name \l: #N/A
Name \p: #N/A
Name \Q: [1]table!#REF!
Name \R: [1]table!#REF!
Name \Z: [1]table!#REF!
Name _____________CAR1: #N/A
Name _____________CAR2: #N/A
Name _____________CAR3: #N/A
Name _____________CAR4: #N/A
Name _____________CAR5: #N/A
Name ____________CAR1: #N/A
Name ____________CAR2: #N/A
Name ____________CAR3: #N/A
Name ____________CAR4: #N/A
Name ____________CAR5: #N/A
Name ___________CAR1: #N/A
Name ___________CAR2: #N/A
Name ___________CAR3: #N/A
Name ___________CAR4: #N/A
Name ___________CAR5: #N/A
Name __________CAR1: #N/A
Name __________CAR2: #N/A
Name __________CAR3: #N/A
Name __________CAR4: #N/A
Name __________CAR5: #N/A
Name _________CAR1: #N/A
Name _________CAR2: #N/A
Name _________CAR3: #N/A
Name _________CAR4: #N/A
Name _________CAR5: #N/A
Name ________CAR1: #N/A
Name ________CAR2: #N/A
Name ________CAR3: #N/A
Name ________CAR4: #N/A
Name ________CAR5: #N/A
Name _______CAR1: #N/A
Name _______CAR2: #N/A
Name _______CAR3: #N/A
Name _______CAR4: #N/A
Name _______CAR5: #N/A
Name ______CAR1: #N/A
Name ______CAR2: #N/A
Name ______CAR3: #N/A
Name ______CAR4: #N/A
Name ______CAR5: #N/A
Name _____CAR1: #N/A
Name _____CAR2: #N/A
Name _____CAR3: #N/A
Name _____CAR4: #N/A

Sheet Page couverture
G1: Protégé B une fois rempli
A3: Tableaux supplémentaires – Rapport de l'actuaire désigné (RAD)

Sheet Liste des tableaux supplément.
A1: Onglet | B1: Nom | C1: Objectif du tableau
A2: 00011 | B2: Nom de l’entité | C2: Dresser une liste des entités (filiales ou succursales) et attribuer un code numérique à chaque entité.
A3: 00012 | B3: Nom du portefeuille | C3: Dresser une liste des portefeuilles et attribuer un code numérique à chaque portefeuille.
A4: 00013 | B4: Catégorie de liquidité | C4: Dresser une liste des catégories de liquidité et attribuer un code numérique à chaque catégorie.
A5: 00014 | B5: Segment de l’actif | C5: Dresser une liste des segments de l’actif et attribuer un code numérique à chaque segment.
A6: 00015 | B6: Sous-compte de contrats avec participation | C6: Dresser une liste des sous-comptes de contrats avec participation et attribuer un code numérique à chaque sous-compte.
A7: 00001 | B7: Validation | C7: Recueillir des données visant à démontrer que les engagements actuariels figurant dans le Relevé des états financiers de base (LF1) correspondent à ceux indiqués dans les tableaux supplémentaires. Cette validation est essentielle pour repérer les incohérences et garantir l’exactitude des données déclarées.
A8: 21020 | B8: Passif ou actif consolidé au titre des contrats d’assurance (ou de réassurance) émis, des contrats de réassurance détenus et des contrats d’investissement avec participation discrétionnaire (PD), par portefeuille et par type de produit | C8: Consigner les éléments de passif au titre des contrats d’assurance, par portefeuille, selon l'IFRS 17.
A9: 21021 | B9: Niveau de confiance de l’ajustement au titre du risque non financier | C9: Consigner le niveau de confiance des ajustements au titre du risque à l’échelle de l’entité et sur une base précise (c’est-à-dire avant ou après déduction de la réassurance).
A10: 22010 | B10: Ajustement au titre du risque non financier par type de risque lorsque l’approche fondée sur la marge est utilisée | C10: Recueillir des précisions sur l’ajustement au titre du risque appliqué aux contrats d’assurance, aux contrats de réassurance émis et aux contrats de réassurance détenus lorsque l’approche fondée sur la marge est utilisée.
A11: 22020 | B11: Ajustement au titre du risque non financier lorsqu’une autre* méthode est utilisée (*autre que l’approche fondée sur la marge) | C11: Recueillir des précisions sur l’ajustement au titre du risque appliqué aux contrats d’assurance, aux contrats de réassurance émis et aux contrats de réassurance détenus lorsqu'une autre méthode que l’approche fondée sur la marge est utilisée pour calculer l’ajustement au titre du risque.
A12: 23010 | B12: Changements apportés aux hypothèses ou aux méthodes – hypothèses non financières | C12: Consigner l'effet des changements apportés aux hypothèses non financières sur les éléments de passif au titre des contrats d’assurance.
... A27: 71110 | B27: Versements aux actionnaires prélevés sur le compte de participation en vertu de l’article 461 de la Loi sur les sociétés d’assurances | C27: Consigner les versements aux actionnaires prélevés sur le compte de participation en vertu de l’article 461 de la Loi sur les sociétés d’assurances.

Sheet Dictionnaire des données
A1: Nom de la feuille | B1: Nom de la colonne | C1: Lien vers la liste déroulante | D1: Description de la colonne | E1: Type de colonne | F1: Type de données | G1: Exemple
A2: 00011 | B2: catégorie_de_valeur | D2: Texte fixe : « Entité (filiale ou succursale) [1 à 999] » | E2: Catégorique | F2: Chaîne de caractères | G2: Entité (filiale ou succursale) 1
A3: 00011 | B3: valeur | D3: Colonne indiquant la dénomination sociale des entités (filiale ou succursale) relevant de l'assureur fédéral. | E3: Catégorique | F3: Chaîne de caractères | G3: Texte libre
A4: 00012 | B4: catégorie_de_valeur | D4: Texte fixe : « Portefeuille [1 à 999] » | E4: Catégorique | F4: Chaîne de caractères | G4: Portefeuille 1
A5: 00012 | B5: valeur | D5: Colonne indiquant le nom des portefeuilles. | E5: Catégorique | F5: Chaîne de caractères | G5: Texte libre
A6: 00013 | B6: catégorie_de_valeur | D6: Texte fixe : « Catégorie de liquidité [1 à 999] » | E6: Catégorique | F6: Chaîne de caractères | G6: Catégorie de liquidité 1
A7: 00013 | B7: valeur | D7: Colonne indiquant le nom des catégories de liquidité par ordre croissant (1 représentant la catégorie la plus illiquide). | E7: Catégorique | F7: Chaîne de caractères | G7: Texte libre
A8: 00014 | B8: catégorie_de_valeur | D8: Texte fixe : « Segment de l’actif [1 à 999] » | E8: Catégorique | F8: Chaîne de caractères | G8: Segment de l’actif 1
A9: 00014 | B9: valeur | D9: Colonne indiquant le nom des segments de l’actif. | E9: Catégorique | F9: Chaîne de caractères | G9: Texte libre
A10: 00015 | B10: catégorie_de_valeur | D10: Texte fixe : « Sous-compte de contrats avec participation [1 à 999] » | E10: Catégorique | F10: Chaîne de caractères | G10: Sous-compte de contrats avec participation 1
A11: 00015 | B11: valeur | D11: Colonne indiquant le nom des sous-comptes de contrats avec participation. | E11: Catégorique | F11: Chaîne de caractères | G11: Texte libre
A12: 00001 | B12: catégorie_de_valeur | C12: =HYPERLINK("[BSIF1008 – RAD Excel – Vie.xlsx]'Listes déroulantes'!A1:A10", "Voir la liste « Validation – passifs ou actifs au titre des contrats d’assurance dans ce gabarit par rapport au relevé LF1 » dans l’onglet « Listes déroulantes »") -> Voir la liste « Validation – passifs ou actifs au titre des contrats d’assurance dans ce gabarit par rapport au relevé LF1 » dans l’onglet « Listes déroulantes » | D12: Texte fixe | E12: Catégorique | F12: Chaîne de caractères | G12: (b) Actifs au titre des contrats de réassurance détenus (relevé LF1 – tableau 20002, ligne 180, colonne 01)
A13: 00001 | B13: valeur | D13: Colonne indiquant la valeur numérique associée à chaque élément dans la colonne catégorie_de_valeur. La valeur doit être saisie en milliers de dollars canadiens. Lorsque catégorie_de_valeur est : « (A) Passifs des polices déclarés dans ce classeur Excel », la valeur doit correspondre à la somme de tous les chiffres dans la colonne valeur des tableaux 21020 et 25010. | E13: Numérique | F13: Nombre décimal (2 chiffres maximum après la virgule) | G13: 123.45
A14: 21020 | B14: pays | C14: =HYPERLINK("[BSIF1008 – RAD Excel – Vie.xlsx]'Listes déroulantes'!C1:C200", "Voir la liste « Pays » dans l’onglet « Listes déroulantes »") -> Voir la liste « Pays » dans l’onglet « Listes déroulantes » | D14: Colonne répertoriant les noms de pays. | E14: Catégorique | F14: Chaîne de caractères | G14: Canada
A15: 21020 | B15: entité | C15: =HYPERLINK("[BSIF1008 – RAD Excel – Vie.xlsx]'Listes déroulantes'!E1:E1000", "Voir la liste « Entité (filiale ou succursale) » dans l’onglet « Listes déroulantes » ") -> Voir la liste « Entité (filiale ou succursale) » dans l’onglet « Listes déroulantes » | D15: Colonne indiquant l’identifiant unique attribué à chaque entité (filiale ou succursale). Chaque entrée dans cette colonne correspond à un numéro d'entité (filiale ou succursale) précis qui est associé à l’onglet 00011. | E15: Catégorique | F15: Chaîne de caractères | G15: Entité (filiale ou succursale) 2
A16: 21020 | B16: avec_par_ou_sans_par | C16: =HYPERLINK("[BSIF1008 – RAD Excel – Vie.xlsx]'Listes déroulantes'!AV1:AV3", "Voir la liste « 1. Avec participation ou 2. Sans participation » dans l’onglet « Listes déroulantes » ") -> Voir la liste « 1. Avec participation ou 2. Sans participation » dans l’onglet « Listes déroulantes » | D16: Colonne indiquant la classification d'un ensemble de polices : 1. Avec participation 2. Sans participation | E16: Catégorique | F16: Nombre entier | G16: 2
A17: 21020 | B17: portefeuille | C17: =HYPERLINK("[BSIF1008 – RAD Excel – Vie.xlsx]'Listes déroulantes'!AX1:AX1000", "Voir la liste « No de portefeuille » dans l’onglet « Listes déroulantes »") -> Voir la liste « No de portefeuille » dans l’onglet « Listes déroulantes » | D17: Colonne indiquant l’identifiant unique attribué à chaque portefeuille. Chaque entrée dans cette colonne correspond à un numéro de portefeuille précis (de 1 à 999) qui est associé à l'onglet 00012. | E17: Catégorique | F17: Nombre entier | G17: 1
A18: 21020 | B18: type_de_contrat | C18: =HYPERLINK("[BSIF1008 – RAD Excel – Vie.xlsx]'Listes déroulantes'!BF1:BF4", "Voir la liste « Type de contrat » dans l’onglet « Listes déroulantes »") -> Voir la liste « Type de contrat » dans l’onglet « Listes déroulantes » | D18: Colonne classant les contrats par type : 1. Contrats d’assurance (ou de réassurance) émis 2. Contrats de réassurance détenus 3. Contrats d’investissement avec PD (participation discrétionnaire) | E18: Catégorique | F18: Nombre entier | G18: 1
A19: 21020 | B19: type_de_produit | C19: =HYPERLINK("[BSIF1008 – RAD Excel – Vie.xlsx]'Listes déroulantes'!G1:G37", "Voir la liste « Type de produit » dans l’onglet « Listes déroulantes »") -> Voir la liste « Type de produit » dans l’onglet « Listes déroulantes » | D19: Colonne répertoriant les différents types de produits d’assurance et de réassurance offerts par une entité. Chaque entrée dans cette colonne décrit un type de produit précis. | E19: Catégorique | F19: Chaîne de caractères | G19: Assurance vie temporaire
A20: 21020 | B20: préciser_autre_type_de_produit | D20: Colonne permettant de saisir un type de produit précis et de fournir une brève description si l'option « Autre » est sélectionnée dans la colonne type_de_produit. Cette colonne permet de consigner tout type de produit qui ne figure pas dans la liste d'options prédéfinies. | E20: Catégorique | F20: Chaîne de caractères | G20: Texte libre
A21: 21020 | B21: catégorie_de_valeur | C21: =HYPERLINK("[BSIF1008 – RAD Excel – Vie.xlsx]'Listes déroulantes'!BH1:BH5", "Voir la liste « Élément de passif au titre des contrats d'assurance » dans l’onglet « Listes déroulantes »") -> Voir la liste « Élément de passif au titre des contrats d'assurance » dans l’onglet « Listes déroulantes » | D21: Colonne précisant divers éléments de passif au titre des contrats d’assurance. Chaque entrée dans cette colonne correspond à un élément de passif précis : - Valeur actualisée des flux de trésorerie futurs (hors coût des garanties) - Coût des garanties - Ajustement au titre du risque - Marge sur services contractuels | E21: Catégorique | F21: Chaîne de caractères | G21: Valeur actualisée des flux de trésorerie futurs (hors coût des garanties)
A22: 21020 | B22: valeur | D22: Colonne indiquant la valeur numérique associée à chaque élément dans la colonne catégorie_de_valeur. La valeur doit être saisie en milliers de dollars canadiens. Les passifs au titre des contrats d’assurance (réassurance acceptée et réassurance détenue comprises), doivent être indiqués en positif s’il s’agit de passifs et en négatif s’il s’agit d’actifs. | E22: Numérique | F22: Nombre décimal (2 chiffres maximum après la virgule) | G22: 123.45
A23: 21021 | B23: catégorie_de_valeur | C23: Niveau de confiance des ajustements au titre du risque à l’échelle de l’entité (en %) Niveau de confiance des ajustements au titre du risque à l’échelle du Canada (en %) | D23: Texte fixe | E23: Catégorique | F23: Chaîne de caractères | G23: Niveau de confiance des ajustements au titre du risque à l’échelle de l’entité (en %)
A24: 21021 | B24: valeur | D24: Colonne contenant la valeur numérique associée à chaque élément dans la colonne catégorie_de_valeur. La valeur doit être saisie en pourcentage (%). | E24: Numérique | F24: Pourcentage (2 chiffres maximum après la virgule) | G24: 0.7654
A25: 21021 | B25: catégorie_de_valeur | C25: Base du niveau de confiance Technique d’estimation de l’ajustement au titre du risque | D25: Texte fixe | E25: Catégorique | F25: Chaîne de caractères | G25: Technique d’estimation de l’ajustement au titre du risque
A26: 21021 | B26: valeur | D26: Colonne indiquant les valeurs numériques associées à chaque élément dans la colonne catégorie_de_valeur. Si catégorie_de_valeur = « Base du niveau de confiance », sélectionner « Brute » ou « Nette ». Si catégorie_de_valeur = « Technique d’estimation de l’ajustement au titre du risque », sélectionner l’une des options suivantes : - Approche fondée sur la marge - Approche fondée sur le coût du capital - Niveau de confiance | E26: Catégorique | F26: Chaîne de caractères | G26: Brute
A27: 22010 | B27: pays | C27: =HYPERLINK("[BSIF1008 – RAD Excel – Vie.xlsx]'Listes déroulantes'!C1:C200", "Voir la liste « Pays » dans l’onglet « Listes déroulantes »") -> Voir la liste « Pays » dans l’onglet « Listes déroulantes » | D27: Colonne répertoriant les noms de pays. | E27: Catégorique | F27: Chaîne de caractères | G27: Canada
A28: 22010 | B28: entité | C28: =HYPERLINK("[BSIF1008 – RAD Excel – Vie.xlsx]'Listes déroulantes'!E1:E1000", "Voir la liste « Entité (filiale ou succursale) » dans l’onglet « Listes déroulantes » ") -> Voir la liste « Entité (filiale ou succursale) » dans l’onglet « Listes déroulantes » | D28: Colonne indiquant l’identifiant unique attribué à chaque entité (filiale ou succursale). Chaque entrée dans cette colonne correspond à un numéro d'entité (filiale ou succursale) précis qui est associé à l’onglet 00011. | E28: Catégorique | F28: Chaîne de caractères | G28: Entité (filiale ou succursale) 2
A29: 22010 | B29: avec_par_ou_sans_par | C29: =HYPERLINK("[BSIF1008 – RAD Excel – Vie.xlsx]'Listes déroulantes'!AV1:AV3", "Voir la liste « 1. Avec participation ou 2. Sans participation » dans l’onglet « Listes déroulantes » ") -> Voir la liste « 1. Avec participation ou 2. Sans participation » dans l’onglet « Listes déroulantes » | D29: Colonne indiquant la classification d'un ensemble de polices : 1. Avec participation 2. Sans participation | E29: Catégorique | F29: Nombre entier | G29: 1
A30: 22010 | B30: portefeuille | C30: =HYPERLINK("[BSIF1008 – RAD Excel – Vie.xlsx]'Listes déroulantes'!AX1:AX1000", "Voir la liste « No de portefeuille » dans l’onglet « Listes déroulantes »") -> Voir la liste « No de portefeuille » dans l’onglet « Listes déroulantes » | D30: Colonne indiquant l’identifiant unique attribué à chaque portefeuille. Chaque entrée dans cette colonne correspond à un numéro de portefeuille précis (de 1 à 999) qui est associé à l'onglet 00012. | E30: Catégorique | F30: Nombre entier | G30: 57
A31: 22010 | B31: type_de_contrat | C31: =HYPERLINK("[BSIF1008 – RAD Excel – Vie.xlsx]'Listes déroulantes'!BF1:BF4", "Voir la liste « Type de contrat » dans l’onglet « Listes déroulantes »") -> Voir la liste « Type de contrat » dans l’onglet « Listes déroulantes » | D31: Colonne classant les contrats par type : 1. Contrats d’assurance (ou de réassurance) émis 2. Contrats de réassurance détenus 3. Contrats d’investissement avec PD (participation discrétionnaire) | E31: Catégorique | F31: Nombre entier | G31: 3
A32: 22010 | B32: type_de_produit | C32: =HYPERLINK("[BSIF1008 – RAD Excel – Vie.xlsx]'Listes déroulantes'!G1:G37", "Voir la liste « Type de produit » dans l’onglet « Listes déroulantes »") -> Voir la liste « Type de produit » dans l’onglet « Listes déroulantes » | D32: Colonne répertoriant les différents types de produits d’assurance et de réassurance offerts par une entité. Chaque entrée dans cette colonne décrit un type de produit précis. | E32: Catégorique | F32: Chaîne de caractères | G32: Assurance vie temporaire
A33: 22010 | B33: préciser_autre_type_de_produit | D33: Colonne permettant de saisir un type de produit précis et de fournir une brève description si l'option « Autre » est sélectionnée dans la colonne type_de_produit. Cette colonne permet de consigner tout type de produit qui ne figure pas dans la liste d'options prédéfinies. | E33: Catégorique | F33: Chaîne de caractères | G33: Texte libre
A34: 22010 | B34: catégorie_de_valeur | C34: =HYPERLINK("[BSIF1008 – RAD Excel – Vie.xlsx]'Listes déroulantes'!BJ1:BJ10", "Voir la liste « Ajustement au titre du risque par risque – approche fondée sur la marge » dans l’onglet « Listes déroulantes »") -> Voir la liste « Ajustement au titre du risque par risque – approche fondée sur la marge » dans l’onglet « Listes déroulantes » | D34: Colonne indiquant l’ajustement au titre du risque par risque lorsque l’approche fondée sur la marge est utilisée pour évaluer les passifs au titre des contrats d’assurance : - Mortalité - Morbidité - Amélioration de la mortalité - Amélioration de la morbidité - Charges - Déchéance et autres comportements des titulaires de police - Autre ainsi que les avantages de diversification et les passifs (+) ou actifs (-) pour chaque ensemble de contrats. | E34: Catégorique | F34: Chaîne de caractères | G34: Mortalité
A35: 22010 | B35: valeur | D35: Colonne indiquant la valeur numérique associée à chaque élément dans la colonne catégorie_de_valeur. La valeur doit être saisie en milliers de dollars canadiens. | E35: Numérique | F35: Nombre décimal (2 chiffres maximum après la virgule) | G35: 123.45
A36: 22020 | B36: pays | C36: =HYPERLINK("[BSIF1008 – RAD Excel – Vie.xlsx]'Listes déroulantes'!C1:C200", "Voir la liste « Pays » dans l’onglet « Listes déroulantes »") -> Voir la liste « Pays » dans l’onglet « Listes déroulantes » | D36: Colonne répertoriant les noms de pays. | E36: Catégorique | F36: Chaîne de caractères | G36: Canada
A37: 22020 | B37: entité | C37: =HYPERLINK("[BSIF1008 – RAD Excel – Vie.xlsx]'Listes déroulantes'!E1:E1000", "Voir la liste « Entité (filiale ou succursale) » dans l’onglet « Listes déroulantes » ") -> Voir la liste « Entité (filiale ou succursale) » dans l’onglet « Listes déroulantes » | D37: Colonne indiquant l’identifiant unique attribué à chaque entité (filiale ou succursale). Chaque entrée dans cette colonne correspond à un numéro d'entité (filiale ou succursale) précis qui est associé à l’onglet 00011. | E37: Catégorique | F37: Chaîne de caractères | G37: Entité (filiale ou succursale) 2
A38: 22020 | B38: avec_par_ou_sans_par | C38: =HYPERLINK("[BSIF1008 – RAD Excel – Vie.xlsx]'Listes déroulantes'!AV1:AV3", "Voir la liste « 1. Avec participation ou 2. Sans participation » dans l’onglet « Listes déroulantes » ") -> Voir la liste « 1. Avec participation ou 2. Sans participation » dans l’onglet « Listes déroulantes » | D38: Colonne indiquant la classification d'un ensemble de polices : 1. Avec participation 2. Sans participation | E38: Catégorique | F38: Nombre entier | G38: 1
A39: 22020 | B39: portefeuille | C39: =HYPERLINK("[BSIF1008 – RAD Excel – Vie.xlsx]'Listes déroulantes'!AX1:AX1000", "Voir la liste « No de portefeuille » dans l’onglet « Listes déroulantes »") -> Voir la liste « No de portefeuille » dans l’onglet « Listes déroulantes » | D39: Colonne indiquant l’identifiant unique attribué à chaque portefeuille. Chaque entrée dans cette colonne correspond à un numéro de portefeuille précis (de 1 à 999) qui est associé à l'onglet 00012. | E39: Catégorique | F39: Nombre entier | G39: 2
A40: 22020 | B40: type_de_contrat | C40: =HYPERLINK("[BSIF1008 – RAD Excel – Vie.xlsx]'Listes déroulantes'!BF1:BF4", "Voir la liste « Type de contrat » dans l’onglet « Listes déroulantes »") -> Voir la liste « Type de contrat » dans l’onglet « Listes déroulantes » | D40: Colonne classant les contrats par type : 1. Contrats d’assurance (ou de réassurance) émis 2. Contrats de réassurance détenus 3. Contrats d’investissement avec PD (participation discrétionnaire) | E40: Catégorique | F40: Nombre entier | G40: 3
A41: 22020 | B41: type_de_produit | C41: =HYPERLINK("[BSIF1008 – RAD Excel – Vie.xlsx]'Listes déroulantes'!G1:G37", "Voir la liste « Type de produit » dans l’onglet « Listes déroulantes »") -> Voir la liste « Type de produit » dans l’onglet « Listes déroulantes » | D41: Colonne répertoriant les différents types de produits d’assurance et de réassurance offerts par une entité. Chaque entrée dans cette colonne décrit un type de produit précis. | E41: Catégorique | F41: Chaîne de caractères | G41: Assurance vie temporaire
A42: 22020 | B42: préciser_autre_type_de_produit | D42: Colonne permettant de saisir un type de produit précis et de fournir une brève description si l'option « Autre » est sélectionnée dans la colonne type_de_produit. Cette colonne permet de consigner tout type de produit qui ne figure pas dans la liste d'options prédéfinies. | E42: Catégorique | F42: Chaîne de caractères | G42: Texte libre
A43: 22020 | B43: catégorie_de_valeur | C43: =HYPERLINK("[BSIF1008 – RAD Excel – Vie.xlsx]'Listes déroulantes'!BL1:BL4", "Voir la liste « Ajustement au titre du risque par risque – autre que l'approche fondée sur la marge » dans l’onglet « Listes déroulantes »") -> Voir la liste « Ajustement au titre du risque par risque – autre que l'approche fondée sur la marge » dans l’onglet « Listes déroulantes » | D43: Colonne dans laquelle il faut préciser les informations relatives au calcul de l’ajustement au titre du risque lorsqu'une autre méthode que l’approche fondée sur la marge est utilisée : - Avantages de diversification - Ajustement au titre du risque total - Passifs (+) ou actifs (-) au titre des contrats d’assurance | E43: Catégorique | F43: Chaîne de caractères | G43: Avantages de diversificiation
A44: 22020 | B44: valeur | D44: Colonne indiquant la valeur numérique associée à chaque élément dans la colonne catégorie_de_valeur. La valeur doit être saisie en milliers de dollars canadiens. | E44: Numérique | F44: Nombre décimal (2 chiffres maximum après la virgule) | G44: 123.45
A45: 23010 | B45: pays | C45: =HYPERLINK("[BSIF1008 – RAD Excel – Vie.xlsx]'Listes déroulantes'!C1:C200", "Voir la liste « Pays » dans l’onglet « Listes déroulantes »") -> Voir la liste « Pays » dans l’onglet « Listes déroulantes » | D45: Colonne répertoriant les noms de pays. | E45: Catégorique | F45: Chaîne de caractères | G45: Canada
A46: 23010 | B46: entité | C46: =HYPERLINK("[BSIF1008 – RAD Excel – Vie.xlsx]'Listes déroulantes'!E1:E1000", "Voir la liste « Entité (filiale ou succursale) » dans l’onglet « Listes déroulantes » ") -> Voir la liste « Entité (filiale ou succursale) » dans l’onglet « Listes déroulantes » | D46: Colonne indiquant l’identifiant unique attribué à chaque entité (filiale ou succursale). Chaque entrée dans cette colonne correspond à un numéro d'entité (filiale ou succursale) précis qui est associé à l’onglet 00011. | E46: Catégorique | F46: Chaîne de caractères | G46: Entité (filiale ou succursale) 2
A47: 23010 | B47: avec_par_ou_sans_par | C47: =HYPERLINK("[BSIF1008 – RAD Excel – Vie.xlsx]'Listes déroulantes'!AV1:AV3", "Voir la liste « 1. Avec participation ou 2. Sans participation » dans l’onglet « Listes déroulantes » ") -> Voir la liste « 1. Avec participation ou 2. Sans participation » dans l’onglet « Listes déroulantes » | D47: Colonne indiquant la classification d'un ensemble de polices : 1. Avec participation 2. Sans participation | E47: Catégorique | F47: Nombre entier | G47: 1
A48: 23010 | B48: portefeuille | C48: =HYPERLINK("[BSIF1008 – RAD Excel – Vie.xlsx]'Listes déroulantes'!AX1:AX1000", "Voir la liste « No de portefeuille » dans l’onglet « Listes déroulantes »") -> Voir la liste « No de portefeuille » dans l’onglet « Listes déroulantes » | D48: Colonne indiquant l’identifiant unique attribué à chaque portefeuille. Chaque entrée dans cette colonne correspond à un numéro de portefeuille précis (de 1 à 999) qui est associé à l'onglet 00012. | E48: Catégorique | F48: Nombre entier | G48: 2
A49: 23010 | B49: type_de_contrat | C49: =HYPERLINK("[BSIF1008 – RAD Excel – Vie.xlsx]'Listes déroulantes'!BF1:BF4", "Voir la liste « Type de contrat » dans l’onglet « Listes déroulantes »") -> Voir la liste « Type de contrat » dans l’onglet « Listes déroulantes » | D49: Colonne classant les contrats par type : 1. Contrats d’assurance (ou de réassurance) émis 2. Contrats de réassurance détenus 3. Contrats d’investissement avec PD (participation discrétionnaire) | E49: Catégorique | F49: Nombre entier | G49: 3
A50: 23010 | B50: type_de_produit | C50: =HYPERLINK("[BSIF1008 – RAD Excel – Vie.xlsx]'Listes déroulantes'!G1:G37", "Voir la liste « Type de produit » dans l’onglet « Listes déroulantes »") -> Voir la liste « Type de produit » dans l’onglet « Listes déroulantes » | D50: Colonne répertoriant les différents types de produits d’assurance et de réassurance offerts par une entité. Chaque entrée dans cette colonne décrit un type de produit précis. | E50: Catégorique | F50: Chaîne de caractères | G50: Assurance vie temporaire
A51: 23010 | B51: préciser_autre_type_de_produit | D51: Colonne permettant de saisir un type de produit précis et de fournir une brève description si l'option « Autre » est sélectionnée dans la colonne type_de_produit. Cette colonne permet de consigner tout type de produit qui ne figure pas dans la liste d'options prédéfinies. | E51: Catégorique | F51: Chaîne de caractères | G51: Texte libre
A52: 23010 | B52: changements_hypothèses_méthodes | C52: =HYPERLINK("[BSIF1008 – RAD Excel – Vie.xlsx]'Listes déroulantes'!I1:I11", "Voir la liste « Changements apportés aux hypothèses ou aux méthodes » dans l’onglet « Listes déroulantes »") -> Voir la liste « Changements apportés aux hypothèses ou aux méthodes » dans l’onglet « Listes déroulantes » | D52: Colonne indiquant divers types de changements apportés aux hypothèses ou aux méthodes en lien avec les risques non financiers qui sont utilisées dans l’évaluation des passifs au titre des contrats d’assurance. | E52: Catégorique | F52: Chaîne de caractères | G52: Changements apportés aux méthodes
A53: 23010 | B53: préciser_autre_hypothèse_méthode | D53: Colonne permettant de saisir une hypothèse ou une méthode précise si l'option « Autre » est sélectionnée dans la colonne changements_hypothèses_méthodes. Cette colonne permet de consigner tout type d’hypothèse ou de méthode qui ne figure pas dans la liste d'options prédéfinies. | E53: Catégorique | F53: Chaîne de caractères | G53: Texte libre
A54: 23010 | B54: description_du_changement | D54: Colonne de description des changements apportés aux hypothèses, aux méthodes ou aux autres facteurs pertinents qui sont utilisés pour évaluer les passifs au titre des contrats d’assurance. | E54: Catégorique | F54: Chaîne de caractères | G54: Texte libre
A55: 23010 | B55: catégorie_de_valeur | C55: =HYPERLINK("[BSIF1008 – RAD Excel – Vie.xlsx]'Listes déroulantes'!BH1:BH5", "Voir la liste « Élément de passif au titre des contrats d'assurance » dans l’onglet « Listes déroulantes »") -> Voir la liste « Élément de passif au titre des contrats d'assurance » dans l’onglet « Listes déroulantes » | D55: Colonne précisant divers éléments de passif au titre des contrats d’assurance. Chaque entrée dans cette colonne correspond à un élément de passif précis : - Valeur actualisée des flux de trésorerie futurs (hors coût des garanties) - Coût des garanties - Ajustement au titre du risque - Marge sur services contractuels | E55: Catégorique | F55: Chaîne de caractères | G55: Coût des garanties
A56: 23010 | B56: valeur | D56: Colonne indiquant la valeur numérique associée à chaque élément dans la colonne catégorie_de_valeur. La valeur doit être saisie en milliers de dollars canadiens. | E56: Numérique | F56: Nombre décimal (2 chiffres maximum après la virgule) | G56: 123.45
A57: 23020 | B57: pays | C57: =HYPERLINK("[BSIF1008 – RAD Excel – Vie.xlsx]'Listes déroulantes'!C1:C200", "Voir la liste « Pays » dans l’onglet « Listes déroulantes »") -> Voir la liste « Pays » dans l’onglet « Listes déroulantes » | D57: Colonne répertoriant les noms de pays. | E57: Catégorique | F57: Chaîne de caractères | G57: Canada
A58: 23020 | B58: entité | C58: =HYPERLINK("[BSIF1008 – RAD Excel – Vie.xlsx]'Listes déroulantes'!E1:E1000", "Voir la liste « Entité (filiale ou succursale) » dans l’onglet « Listes déroulantes » ") -> Voir la liste « Entité (filiale ou succursale) » dans l’onglet « Listes déroulantes » | D58: Colonne indiquant l’identifiant unique attribué à chaque entité (filiale ou succursale). Chaque entrée dans cette colonne correspond à un numéro d'entité (filiale ou succursale) précis qui est associé à l’onglet 00011. | E58: Catégorique | F58: Chaîne de caractères | G58: Entité (filiale ou succursale) 2
A59: 23020 | B59: avec_par_ou_sans_par | C59: =HYPERLINK("[BSIF1008 – RAD Excel – Vie.xlsx]'Listes déroulantes'!AV1:AV3", "Voir la liste « 1. Avec participation ou 2. Sans participation » dans l’onglet « Listes déroulantes » ") -> Voir la liste « 1. Avec participation ou 2. Sans participation » dans l’onglet « Listes déroulantes » | D59: Colonne indiquant la classification d'un ensemble de polices : 1. Avec participation 2. Sans participation | E59: Catégorique | F59: Nombre entier | G59: 1
A60: 23020 | B60: portefeuille | C60: =HYPERLINK("[BSIF1008 – RAD Excel – Vie.xlsx]'Listes déroulantes'!AX1:AX1000", "Voir la liste « No de portefeuille » dans l’onglet « Listes déroulantes »") -> Voir la liste « No de portefeuille » dans l’onglet « Listes déroulantes » | D60: Colonne indiquant l’identifiant unique attribué à chaque portefeuille. Chaque entrée dans cette colonne correspond à un numéro de portefeuille précis (de 1 à 999) qui est associé à l'onglet 00012. | E60: Catégorique | F60: Nombre entier | G60: 2
A61: 23020 | B61: type_de_contrat | C61: =HYPERLINK("[BSIF1008 – RAD Excel – Vie.xlsx]'Listes déroulantes'!BF1:BF4", "Voir la liste « Type de contrat » dans l’onglet « Listes déroulantes »") -> Voir la liste « Type de contrat » dans l’onglet « Listes déroulantes » | D61: Colonne classant les contrats par type : 1. Contrats d’assurance (ou de réassurance) émis 2. Contrats de réassurance détenus 3. Contrats d’investissement avec PD (participation discrétionnaire) | E61: Catégorique | F61: Nombre entier | G61: 3
A62: 23020 | B62: type_de_produit | C62: =HYPERLINK("[BSIF1008 – RAD Excel – Vie.xlsx]'Listes déroulantes'!G1:G37", "Voir la liste « Type de produit » dans l’onglet « Listes déroulantes »") -> Voir la liste « Type de produit » dans l’onglet « Listes déroulantes » | D62: Colonne répertoriant les différents types de produits d’assurance et de réassurance offerts par une entité. Chaque entrée dans cette colonne décrit un type de produit précis. | E62: Catégorique | F62: Chaîne de caractères | G62: Assurance vie temporaire
A63: 23020 | B63: préciser_autre_type_de_produit | D63: Colonne permettant de saisir un type de produit précis et de fournir une brève description si l'option « Autre » est sélectionnée dans la colonne type_de_produit. Cette colonne permet de consigner tout type de produit qui ne figure pas dans la liste d'options prédéfinies. | E63: Catégorique | F63: Chaîne de caractères | G63: Texte libre
A64: 23020 | B64: changements_hypothèses_méthodes | C64: =HYPERLINK("[BSIF1008 – RAD Excel – Vie.xlsx]'Listes déroulantes'!K1:K9", "Voir la liste « Changements apportés aux hypothèses ou aux méthodes en lien avec des risques financiers » dans l’onglet « Listes déroulantes »") -> Voir la liste « Changements apportés aux hypothèses ou aux méthodes en lien avec des risques financiers » dans l’onglet « Listes déroulantes » | D64: Colonne indiquant divers types de changements apportés aux hypothèses ou aux méthodes en lien avec des risques financiers qui sont utilisées dans l’évaluation des passifs au titre des contrats d’assurance. | E64: Catégorique | F64: Chaîne de caractères | G64: Changements de taux d’actualisation pour les flux de trésorerie qui varient
A65: 23020 | B65: préciser_autre_hypothèse_méthode | D65: Colonne permettant de saisir une hypothèse ou une méthode précise si l'option « Autre » est sélectionnée dans la colonne changements_hypothèses_méthodes. Cette colonne permet de consigner tout type d’hypothèse ou de méthode qui ne figure pas dans la liste d'options prédéfinies. | E65: Catégorique | F65: Chaîne de caractères | G65: Texte libre
A66: 23020 | B66: trimestre | C66: =HYPERLINK("[BSIF1008 – RAD Excel – Vie.xlsx]'Listes déroulantes'!BN1:BN5", "Voir la liste « Trimestre » dans l’onglet « Listes déroulantes »") -> Voir la liste « Trimestre » dans l’onglet « Listes déroulantes » | D66: Colonne indiquant le trimestre d'information financière d'un exercice. Les options sont T1, T2, T3 ou T4. | E66: Catégorique | F66: Chaîne de caractères | G66: T4
A67: 23020 | B67: description_du_changement | D67: Colonne de description des changements apportés aux hypothèses, aux méthodes ou aux autres facteurs pertinents qui sont utilisés pour évaluer les passifs au titre des contrats d’assurance. | E67: Catégorique | F67: Chaîne de caractères | G67: Texte libre
A68: 23020 | B68: catégorie_de_valeur | C68: =HYPERLINK("[BSIF1008 – RAD Excel – Vie.xlsx]'Listes déroulantes'!BH1:BH5", "Voir la liste « Élément de passif au titre des contrats d'assurance » dans l’onglet « Listes déroulantes »") -> Voir la liste « Élément de passif au titre des contrats d'assurance » dans l’onglet « Listes déroulantes » | D68: Colonne précisant divers éléments de passif au titre des contrats d’assurance. Chaque entrée dans cette colonne correspond à un élément de passif précis : - Valeur actualisée des flux de trésorerie futurs (hors coût des garanties) - Coût des garanties - Ajustement au titre du risque - Marge sur services contractuels | E68: Catégorique | F68: Chaîne de caractères | G68: Coût des garanties
A69: 23020 | B69: valeur | D69: Colonne indiquant la valeur numérique associée à chaque élément dans la colonne catégorie_de_valeur. La valeur doit être saisie en milliers de dollars canadiens. | E69: Numérique | F69: Nombre décimal (2 chiffres maximum après la virgule) | G69: 123.45
A70: 23030 | B70: pays | C70: =HYPERLINK("[BSIF1008 – RAD Excel – Vie.xlsx]'Listes déroulantes'!C1:C200", "Voir la liste « Pays » dans l’onglet « Listes déroulantes »") -> Voir la liste « Pays » dans l’onglet « Listes déroulantes » | D70: Colonne répertoriant les noms de pays. | E70: Catégorique | F70: Chaîne de caractères | G70: Canada
A71: 23030 | B71: entité | C71: =HYPERLINK("[BSIF1008 – RAD Excel – Vie.xlsx]'Listes déroulantes'!E1:E1000", "Voir la liste « Entité (filiale ou succursale) » dans l’onglet « Listes déroulantes » ") -> Voir la liste « Entité (filiale ou succursale) » dans l’onglet « Listes déroulantes » | D71: Colonne indiquant l’identifiant unique attribué à chaque entité (filiale ou succursale). Chaque entrée dans cette colonne correspond à un numéro d'entité (filiale ou succursale) précis qui est associé à l’onglet 00011. | E71: Catégorique | F71: Chaîne de caractères | G71: Entité (filiale ou succursale) 2
A72: 23030 | B72: avec_par_ou_sans_par | C72: =HYPERLINK("[BSIF1008 – RAD Excel – Vie.xlsx]'Listes déroulantes'!AV1:AV3", "Voir la liste « 1. Avec participation ou 2. Sans participation » dans l’onglet « Listes déroulantes » ") -> Voir la liste « 1. Avec participation ou 2. Sans participation » dans l’onglet « Listes déroulantes » | D72: Colonne indiquant la classification d'un ensemble de polices : 1. Avec participation 2. Sans participation | E72: Catégorique | F72: Nombre entier | G72: 1
A73: 23030 | B73: portefeuille | C73: =HYPERLINK("[BSIF1008 – RAD Excel – Vie.xlsx]'Listes déroulantes'!AX1:AX1000", "Voir la liste « No de portefeuille » dans l’onglet « Listes déroulantes »") -> Voir la liste « No de portefeuille » dans l’onglet « Listes déroulantes » | D73: Colonne indiquant l’identifiant unique attribué à chaque portefeuille. Chaque entrée dans cette colonne correspond à un numéro de portefeuille précis (de 1 à 999) qui est associé à l'onglet 00012. | E73: Catégorique | F73: Nombre entier | G73: 2
A74: 23030 | B74: type_de_contrat | C74: =HYPERLINK("[BSIF1008 – RAD Excel – Vie.xlsx]'Listes déroulantes'!BF1:BF4", "Voir la liste « Type de contrat » dans l’onglet « Listes déroulantes »") -> Voir la liste « Type de contrat » dans l’onglet « Listes déroulantes » | D74: Colonne classant les contrats par type : 1. Contrats d’assurance (ou de réassurance) émis 2. Contrats de réassurance détenus 3. Contrats d’investissement avec PD (participation discrétionnaire) | E74: Catégorique | F74: Nombre entier | G74: 3
A75: 23030 | B75: description_du_changement | D75: Colonne de description des changements apportés aux hypothèses, aux méthodes ou aux autres facteurs pertinents qui sont utilisés pour évaluer les passifs au titre des contrats d’assurance. | E75: Catégorique | F75: Chaîne de caractères | G75: Texte libre
A76: 23030 | B76: trimestre | C76: =HYPERLINK("[BSIF1008 – RAD Excel – Vie.xlsx]'Listes déroulantes'!BN1:BN5", "Voir la liste « Trimestre » dans l’onglet « Listes déroulantes »") -> Voir la liste « Trimestre » dans l’onglet « Listes déroulantes » | D76: Colonne indiquant le trimestre d'information financière d'un exercice. Les options sont T1, T2, T3 ou T4. | E76: Catégorique | F76: Chaîne de caractères | G76: =+'Listes déroulantes'!BN5 -> T4
A77: 23030 | B77: catégorie_de_valeur | C77: =HYPERLINK("[BSIF1008 – RAD Excel – Vie.xlsx]'Listes déroulantes'!BH1:BH5", "Voir la liste « Élément de passif au titre des contrats d'assurance » dans l’onglet « Listes déroulantes »") -> Voir la liste « Élément de passif au titre des contrats d'assurance » dans l’onglet « Listes déroulantes » | D77: Colonne précisant divers éléments de passif au titre des contrats d’assurance. Chaque entrée dans cette colonne correspond à un élément de passif précis : - Valeur actualisée des flux de trésorerie futurs (hors coût des garanties) - Coût des garanties - Ajustement au titre du risque - Marge sur services contractuels | E77: Catégorique | F77: Chaîne de caractères | G77: Ajustement au titre du risque
A78: 23030 | B78: valeur | D78: Colonne indiquant la valeur numérique associée à chaque élément dans la colonne catégorie_de_valeur. La valeur doit être saisie en milliers de dollars canadiens. | E78: Numérique | F78: Nombre décimal (2 chiffres maximum après la virgule) | G78: 123.45
A79: 24010 | B79: pays | C79: =HYPERLINK("[BSIF1008 – RAD Excel – Vie.xlsx]'Listes déroulantes'!C1:C200", "Voir la liste « Pays » dans l’onglet « Listes déroulantes »") -> Voir la liste « Pays » dans l’onglet « Listes déroulantes » | D79: Colonne répertoriant les noms de pays. | E79: Catégorique | F79: Chaîne de caractères | G79: Canada
A80: 24010 | B80: entité | C80: =HYPERLINK("[BSIF1008 – RAD Excel – Vie.xlsx]'Listes déroulantes'!E1:E1000", "Voir la liste « Entité (filiale ou succursale) » dans l’onglet « Listes déroulantes » ") -> Voir la liste « Entité (filiale ou succursale) » dans l’onglet « Listes déroulantes » | D80: Colonne indiquant l’identifiant unique attribué à chaque entité (filiale ou succursale). Chaque entrée dans cette colonne correspond à un numéro d'entité (filiale ou succursale) précis qui est associé à l’onglet 00011. | E80: Catégorique | F80: Chaîne de caractères | G80: Entité (filiale ou succursale) 2
A81: 24010 | B81: portefeuille | C81: =HYPERLINK("[BSIF1008 – RAD Excel – Vie.xlsx]'Listes déroulantes'!AX1:AX1000", "Voir la liste « No de portefeuille » dans l’onglet « Listes déroulantes »") -> Voir la liste « No de portefeuille » dans l’onglet « Listes déroulantes » | D81: Colonne indiquant l’identifiant unique attribué à chaque portefeuille. Chaque entrée dans cette colonne correspond à un numéro de portefeuille précis (de 1 à 999) qui est associé à l'onglet 00012. | E81: Catégorique | F81: Nombre entier | G81: 2
A82: 24010 | B82: type_de_produit | C82: =HYPERLINK("[BSIF1008 – RAD Excel – Vie.xlsx]'Listes déroulantes'!G1:G37", "Voir la liste « Type de produit » dans l’onglet « Listes déroulantes »") -> Voir la liste « Type de produit » dans l’onglet « Listes déroulantes » | D82: Colonne répertoriant les différents types de produits d’assurance et de réassurance offerts par une entité. Chaque entrée dans cette colonne décrit un type de produit précis. | E82: Catégorique | F82: Chaîne de caractères | G82: Assurance vie entière
A83: 24010 | B83: préciser_autre_type_de_produit | D83: Colonne permettant de saisir un type de produit précis et de fournir une brève description si l'option « Autre » est sélectionnée dans la colonne type_de_produit. Cette colonne permet de consigner tout type de produit qui ne figure pas dans la liste d'options prédéfinies. | E83: Catégorique | F83: Chaîne de caractères | G83: Texte libre
A84: 24010 | B84: type_de_contrat | C84: =HYPERLINK("[BSIF1008 – RAD Excel – Vie.xlsx]'Listes déroulantes'!BF1:BF4", "Voir la liste « Type de contrat » dans l’onglet « Listes déroulantes »") -> Voir la liste « Type de contrat » dans l’onglet « Listes déroulantes » | D84: Colonne classant les contrats par type : 1. Contrats d’assurance (ou de réassurance) émis 2. Contrats de réassurance détenus | E84: Catégorique | F84: Nombre entier | G84: 1
A85: 24010 | B85: comprend_produits_contractuellement_ajustables | C85: Comprend des produits contractuellement ajustables, conformément à la ligne directrice E-16, Gestion des comptes de participation et information à communiquer aux souscripteurs de polices avec participation et aux souscripteurs de polices ajustables 1. Oui 2. Non | D85: Colonne indiquant si un ensemble de produits d’assurance comprend des caractéristiques contractuellement ajustables. | E85: Catégorique | F85: Nombre entier | G85: 1
A86: 24010 | B86: comprend_produits_avec_participation | C86: Comprend des produits avec participation 1. Oui 2. Non | D86: Colonne indiquant si un ensemble de produits d’assurance est classé comme contenant des produits avec participation. | E86: Catégorique | F86: Nombre entier | G86: 1
A87: 24010 | B87: contrats_comprennent_garanties_financières | C87: Contrats comprennent des garanties financières 1. Oui 2. Non | D87: Colonne indiquant si un ensemble de contrats d’assurance comprennent des garanties financières. | E87: Catégorique | F87: Nombre entier | G87: 1
A88: 24010 | B88: modélisation_utilisée | C88: =HYPERLINK("[BSIF1008 – RAD Excel – Vie.xlsx]'Listes déroulantes'!M1:M5", "Voir la liste « Modélisation − garanties financières » dans l’onglet « Listes déroulantes »") -> Voir la liste « Modélisation − garanties financières » dans l’onglet « Listes déroulantes » | D88: Colonne précisant le type d’approche de modélisation utilisée pour évaluer les garanties financières dans un ensemble de contrats d’assurance. | E88: Catégorique | F88: Chaîne de caractères | G88: Modèle stochastique
A89: 24010 | B89: comprend_flux_trésorerie_varient_sous_jacents | C89: Comprend des flux de trésorerie qui varient en fonction des actifs sous-jacents 1. Oui 2. Non | D89: Colonne indiquant si un ensemble de contrats d’assurance comprend des flux de trésorerie qui varient en fonction du rendement des actifs sous-jacents. | E89: Catégorique | F89: Nombre entier | G89: 1
A90: 24010 | B90: comprend_contrats_avec_composants_investissements_services | C90: Comprend des contrats avec des composants investissements ou services (selon l'IFRS 17) 1. Oui 2. Non | D90: Colonne indiquant si un ensemble de contrats d’assurance comprend des composants investissements ou services, conformément à la définition donnée dans l'IFRS 17. | E90: Catégorique | F90: Nombre entier | G90: 1
A91: 24010 | B91: approche_évaluation | C91: =HYPERLINK("[BSIF1008 – RAD Excel – Vie.xlsx]'Listes déroulantes'!O1:O4", "Voir la liste « Approche d'évaluation » dans l’onglet « Listes déroulantes »") -> Voir la liste « Approche d'évaluation » dans l’onglet « Listes déroulantes » | D91: Colonne précisant l’approche d'évaluation utilisée pour un ensemble de contrats d’assurance. | E91: Catégorique | F91: Chaîne de caractères | G91: Méthode de la répartition des primes (MRP)
A92: 25010 | B92: norme_IFRS | C92: =HYPERLINK("[BSIF1008 – RAD Excel – Vie.xlsx]'Listes déroulantes'!BR1:BR4", "Voir la liste « Norme IFRS » dans l’onglet « Listes déroulantes »") -> Voir la liste « Norme IFRS » dans l’onglet « Listes déroulantes » | D92: Colonne précisant la norme IFRS applicable à l'information financière des contrats d’assurance. | E92: Catégorique | F92: Chaîne de caractères | G92: IFRS 9
A93: 25010 | B93: description_des_contrats | D93: Colonne donnant une brève description de chaque ensemble de contrats vendus par l’entité, pour chaque élément dans la colonne norme_IFRS. | E93: Catégorique | F93: Chaîne de caractères | G93: Texte libre
A94: 25010 | B94: valeur | D94: Colonne indiquant le montant du passif de chaque ensemble de contrats. La valeur doit être saisie en milliers de dollars canadiens. | E94: Numérique | F94: Nombre décimal (2 chiffres maximum après la virgule) | G94: 123.45
A95: 32010 | B95: pays | C95: =HYPERLINK("[BSIF1008 – RAD Excel – Vie.xlsx]'Listes déroulantes'!C1:C200", "Voir la liste « Pays » dans l’onglet « Listes déroulantes »") -> Voir la liste « Pays » dans l’onglet « Listes déroulantes » | D95: Colonne répertoriant les noms de pays. | E95: Catégorique | F95: Chaîne de caractères | G95: Canada
A96: 32010 | B96: devise | C96: =HYPERLINK("[BSIF1008 – RAD Excel – Vie.xlsx]'Listes déroulantes'!Q1:Q173", "Voir la liste « Devise » dans l’onglet « Listes déroulantes »") -> Voir la liste « Devise » dans l’onglet « Listes déroulantes » | D96: Colonne précisant la devise dans laquelle la courbe d’actualisation est libellée. | E96: Catégorique | F96: Chaîne de caractères | G96: Dollar Canadien
A97: 32010 | B97: catégorie_liquidité | C97: =HYPERLINK("[BSIF1008 – RAD Excel – Vie.xlsx]'Listes déroulantes'!AZ1:AZ1000", "Voir la liste « No de catégorie d'illiquidité » dans l’onglet « Listes déroulantes »") -> Voir la liste « No de catégorie d'illiquidité » dans l’onglet « Listes déroulantes » | D97: Colonne précisant le niveau de liquidité associé à la courbe d’actualisation par ordre croissant (1 représentant la catégorie la plus illiquide), qui est associé à l’onglet 00013. | E97: Catégorique | F97: Nombre entier | G97: 14
A98: 32010 | B98: 1_comptant_ou_2_terme | C98: =HYPERLINK("[BSIF1008 – RAD Excel – Vie.xlsx]'Listes déroulantes'!BT1:BT3", "Voir la liste « 1. Taux au comptant ou 2. Taux à terme » dans l’onglet « Listes déroulantes »") -> Voir la liste « 1. Taux au comptant ou 2. Taux à terme » dans l’onglet « Listes déroulantes » | D98: Colonne indiquant si le taux appliqué est 1. un taux au comptant ou 2. un taux à terme. | E98: Catégorique | F98: Nombre entier | G98: 1
A99: 32010 | B99: 1_ascendante_ou_2_descendante | C99: =HYPERLINK("[BSIF1008 – RAD Excel – Vie.xlsx]'Listes déroulantes'!BV1:BV3", "Voir la liste « 1. Ascendante ou 2. Descendante » dans l’onglet « Listes déroulantes »") -> Voir la liste « 1. Ascendante ou 2. Descendante » dans l’onglet « Listes déroulantes » | D99: Colonne précisant l’approche utilisée pour déterminer le taux d’actualisation utilisé dans les calculs financiers ou actuariels : 1. Approche ascendante 2. Approche descendante | E99: Catégorique | F99: Nombre entier | G99: 2
A100: 32010 | B100: année | C100: =HYPERLINK("[BSIF1008 – RAD Excel – Vie.xlsx]'Listes déroulantes'!BX1:BX101", "Voir la liste « Année » dans l’onglet « Listes déroulantes »") -> Voir la liste « Année » dans l’onglet « Listes déroulantes » | D100: Colonne précisant l’année liée à la courbe d’actualisation (de 1 à 100). | E100: Catégorique | F100: Nombre entier | G100: 33
...

Sheet Commentaires
A1: Boîte de commentaires

Sheet 00011 
A1: catégorie_de_valeur | B1: valeur
A2: Entité (filiale ou succursale) 1
A3: Entité (filiale ou succursale) 2
A4: Entité (filiale ou succursale) 3
A5: Entité (filiale ou succursale) 4
A6: Entité (filiale ou succursale) 5
A7: Entité (filiale ou succursale) 6
A8: Entité (filiale ou succursale) 7
A9: Entité (filiale ou succursale) 8
A10: Entité (filiale ou succursale) 9
A11: Entité (filiale ou succursale) 10
A12: Entité (filiale ou succursale) 11
A13: Entité (filiale ou succursale) 12
... A1000: Entité (filiale ou succursale) 999

Sheet 00012
A1: catégorie_de_valeur | B1: valeur
A2: Portefeuille 1
A3: Portefeuille 2
A4: Portefeuille 3
A5: Portefeuille 4
A6: Portefeuille 5
A7: Portefeuille 6
A8: Portefeuille 7
A9: Portefeuille 8
A10: Portefeuille 9
A11: Portefeuille 10
A12: Portefeuille 11
A13: Portefeuille 12
... A1000: Portefeuille 999

Sheet 00013 
A1: catégorie_de_valeur | B1: valeur
A2: Catégorie de liquidité 1
A3: Catégorie de liquidité 2
A4: Catégorie de liquidité 3
A5: Catégorie de liquidité 4
A6: Catégorie de liquidité 5
A7: Catégorie de liquidité 6
A8: Catégorie de liquidité 7
A9: Catégorie de liquidité 8
A10: Catégorie de liquidité 9
A11: Catégorie de liquidité 10
A12: Catégorie de liquidité 11
A13: Catégorie de liquidité 12
... A1000: Catégorie de liquidité 999

Sheet 00014 
A1: catégorie_de_valeur | B1: valeur
A2: Segment de l’actif 1
A3: Segment de l’actif 2
A4: Segment de l’actif 3
A5: Segment de l’actif 4
A6: Segment de l’actif 5
A7: Segment de l’actif 6
A8: Segment de l’actif 7
A9: Segment de l’actif 8
A10: Segment de l’actif 9
A11: Segment de l’actif 10
A12: Segment de l’actif 11
A13: Segment de l’actif 12
... A1000: Segment de l’actif 999

Sheet 00015
A1: catégorie_de_valeur | B1: valeur
A2: Sous-compte de contrats avec participation 1
A3: Sous-compte de contrats avec participation 2
A4: Sous-compte de contrats avec participation 3
A5: Sous-compte de contrats avec participation 4
A6: Sous-compte de contrats avec participation 5
A7: Sous-compte de contrats avec participation 6
A8: Sous-compte de contrats avec participation 7
A9: Sous-compte de contrats avec participation 8
A10: Sous-compte de contrats avec participation 9
A11: Sous-compte de contrats avec participation 10
A12: Sous-compte de contrats avec participation 11
A13: Sous-compte de contrats avec participation 12
... A1000: Sous-compte de contrats avec participation 999

Sheet 00001
A1: catégorie_de_valeur | B1: valeur
A2: (A) Passifs des polices déclarés dans ce classeur Excel
A3: (a) Actifs au titre des contrats d'assurance (relevé LF1 – tableau 20002, ligne 170, colonne 01)
A4: (b) Actifs au titre des contrats de réassurance détenus (relevé LF1 – tableau 20002, ligne 180, colonne 01)
A5: (c) Passifs au titre des contrats d'assurance – excluant les fonds distincts (relevé LF1 – tableau 20004, ligne 150, colonne 01)
A6: (d) Passifs au titre des contrats d'assurance – Garanties de fonds distincts (relevé LF1 – tableau 20004, ligne 155, colonne 01)
A7: (e) Passifs au titre des contrats de réassurance détenus – excluant les fonds distincts (relevé LF1 – tableau 20004, ligne 170, colonne 01)
A8: (f) Passifs au titre des contrats de réassurance détenus – Garanties de fonds distincts (relevé LF1 – tableau 20004, ligne 175, colonne 01)
A9: (g) Passifs des contrats d'investissement – excluant les fonds distincts (relevé LF1 – tableau 20004, ligne 190, colonne 01)
A10: La différence entre (A) et la somme de [(a) à (g)] est-elle expliquée? (1. Oui ou 2. Non) L'explication doit figurer dans la section « Généralités » du rapport de l'actuaire désigné.

Sheet 21020
A1: pays | B1: entité | C1: avec_par_ou_sans_par | D1: portefeuille | E1: type_de_contrat | F1: type_de_produit | G1: préciser_autre_type_de_produit | H1: catégorie_de_valeur | I1: valeur
H2: Valeur actualisée des flux de trésorerie futurs (hors coût des garanties)
H3: Coût des garanties
H4: Ajustement au titre du risque
H5: Marge sur services contractuels

Sheet 21021
A1: catégorie_de_valeur | B1: valeur
A2: Niveau de confiance des ajustements au titre du risque à l’échelle de l’entité (en %)
A3: Niveau de confiance des ajustements au titre du risque à l’échelle du Canada (en %)
A4: Base du niveau de confiance – avant ou après déduction de la réassurance
A5: Technique d’estimation de l’ajustement au titre du risque

Sheet 22010
A1: country | B1: entité | C1: avec_par_ou_sans_par | D1: portefeuille | E1: type_de_contrat | F1: type_de_produit | G1: préciser_autre_type_de_produit | H1: catégorie_de_valeur | I1: valeur
H2: Passifs (+) ou actifs (-) au titre des contrats d’assurance
H3: Mortalité
H4: Morbidité
H5: Amélioration de la mortalité
H6: Amélioration de la morbidité
H7: Charges
H8: Déchéance et autres comportements des titulaires de polices
H9: Autre
H10: Avantages de diversification

Sheet 22020
A1: pays | B1: entité | C1: avec_par_ou_sans_par | D1: portefeuille | E1: type_de_contrat | F1: type_de_produit | G1: préciser_autre_type_de_produit | H1: catégorie_de_valeur | I1: valeur
H2: Passifs (+) ou actifs (-) au titre des contrats d’assurance
H3: Ajustement au titre du risque total
H4: Avantages de diversification

Sheet 23010
A1: pays | B1: entité | C1: avec_par_ou_sans_par | D1: portefeuille | E1: type_de_contrat | F1: type_de_produit | G1: préciser_autre_type_de_produit | H1: changements_hypothèses_méthodes | I1: préciser_autre_hypothèse_méthode | J1: description_du_changement | K1: catégorie_de_valeur | L1: valeur
K2: Valeur actualisée des flux de trésorerie futurs (hors coût des garanties)
K3: Coût des garanties
K4: Ajustement au titre du risque
K5: Marge sur services contractuels

Sheet 23020
A1: pays | B1: entité | C1: avec_par_ou_sans_par | D1: portefeuille | E1: type_de_contrat | F1: type_de_produit | G1: préciser_autre_type_de_produit | H1: changements_hypothèses_méthodes | I1: préciser_autre_hypothèse_méthode | J1: trimestre | K1: description_du_changement | L1: catégorie_de_valeur | M1: valeur
L2: Valeur actualisée des flux de trésorerie futurs (hors coût des garanties)
L3: Coût des garanties
L4: Ajustement au titre du risque
L5: Marge sur services contractuels

Sheet 23030
A1: pays | B1: entité | C1: avec par_ou_sans_par | D1: portefeuille | E1: type_de_contrat | F1: description_du_changement | G1: trimestre | H1: catégorie_de_valeur | I1: valeur
H2: Valeur actualisée des flux de trésorerie futurs (hors coût des garanties)
H3: Coût des garanties
H4: Ajustement au titre du risque
H5: Marge sur services contractuels

Sheet 24010
A1: pays | B1: entité | C1: portefeuille | D1: type_de_produit | E1: préciser_autre_type_de_produit | F1: type_de_contrat | G1: comprend_produits_contractuellement_ajustables | H1: comprend_produits_avec_participation | I1: contrats_comprennent_garanties_financières | J1: modélisation_utilisée | K1: comprend_flux_trésorerie_varient_sous_jacents | L1: comprend_contrats_avec_composants_investissements_services | M1: approche_évaluation

Sheet 25010
A1: norme_IFRS | B1: description_des_contrats | C1: valeur

Sheet 32010
A1: pays | B1: devise | C1: catégorie_liquidité | D1: 1_comptant_ou_2_terme | E1: 1_ascendante_ou_2_descendante | F1: année | G1: 1_observables_ou_2_non_observables | H1: valeur
F2: 1
F3: 2
F4: 3
F5: 4
F6: 5
F7: 6
F8: 7
F9: 8
F10: 9
F11: 10
F12: 11
F13: 12
... F101: 100

Sheet 32020
A1: devise | B1: 1_comptant_ou_2_terme | C1: année | D1: 1_observables_ou_2_non_observables | E1: valeur
C2: 1
C3: 2
C4: 3
C5: 4
C6: 5
C7: 6
C8: 7
C9: 8
C10: 9
C11: 10
C12: 11
C13: 12
... C101: 100

Sheet 41310
A1: année | B1: catégorie_de_valeur | C1: valeur
A2: 1 | B2: Montant moyen du capital
A3: 2 | B3: Montant moyen du capital
A4: 3 | B4: Montant moyen du capital
A5: 4 | B5: Montant moyen du capital
A6: 5 | B6: Montant moyen du capital
A7: 6 | B7: Montant moyen du capital
A8: 7 | B8: Montant moyen du capital
A9: 8 | B9: Montant moyen du capital
A10: 9 | B10: Montant moyen du capital
A11: 10 | B11: Montant moyen du capital
A12: 11 | B12: Montant moyen du capital
A13: 12 | B13: Montant moyen du capital
... A301: 100 | B301: Taux d’actualisation (en %)

Sheet 42110
A1: pays | B1: entité | C1: portefeuille | D1: type_de_produit | E1: préciser_autre_type_de_produit | F1: catégorie_de_groupe | G1: catégorie_de_valeur | H1: valeur
F2: 1. Nouveaux contrats – groupes de contrats qui sont déficitaires | G2: Valeur actualisée des flux de trésorerie futurs
F3: 1. Nouveaux contrats – groupes de contrats qui sont déficitaires | G3: Ajustement au titre du risque non financier
F4: 1. Nouveaux contrats – groupes de contrats qui sont déficitaires | G4: Marge sur services contractuels
F5: 1. Nouveaux contrats – groupes de contrats qui sont déficitaires | G5: Élément de perte
F6: 1. Nouveaux contrats – groupes de contrats qui sont déficitaires | G6: Capital nominal
F7: 1. Nouveaux contrats – groupes de contrats qui sont déficitaires | G7: Valeur des comptes
F8: 1. Nouveaux contrats – groupes de contrats qui sont déficitaires | G8: Prime annualisée – première année
F9: 1. Nouveaux contrats – groupes de contrats qui sont déficitaires | G9: Prime unique
F10: 2. Nouveaux contrats – groupes de contrats qui n’ont pas de possibilité importante de devenir déficitaires | G10: Valeur actualisée des flux de trésorerie futurs
F11: 2. Nouveaux contrats – groupes de contrats qui n’ont pas de possibilité importante de devenir déficitaires | G11: Ajustement au titre du risque non financier
F12: 2. Nouveaux contrats – groupes de contrats qui n’ont pas de possibilité importante de devenir déficitaires | G12: Marge sur services contractuels
F13: 2. Nouveaux contrats – groupes de contrats qui n’ont pas de possibilité importante de devenir déficitaires | G13: Élément de perte
... F29: 4. Tous les contrats à la clôture de l’exercice en cours | G29: Prime annualisée – renouvellement

Sheet 42120
A1: pays | B1: entité | C1: avec_par_ou_sans_par | D1: portefeuille | E1: valeur

Sheet 51010
A1: pays | B1: type_de_catégorie_1 | C1: type_de_catégorie_2 | D1: type_de_contrat | E1: catégorie_de_valeur | F1: sous_catégorie_de_valeur | G1: valeur
A2: Canada | B2: Scénario de base | C2: NUL | D2: 1. Contrats d’assurance (ou de réassurance) émis | E2: Valeur actualisée des flux de trésorerie futurs | F2: Flux de trésorerie qui ne varient pas en fonction des éléments sous-jacents
A3: Canada | B3: Scénario de base | C3: NUL | D3: 1. Contrats d’assurance (ou de réassurance) émis | E3: Valeur actualisée des flux de trésorerie futurs | F3: Flux de trésorerie qui varient en fonction des éléments sous-jacents
A4: Canada | B4: Scénario de base | C4: NUL | D4: 1. Contrats d’assurance (ou de réassurance) émis | E4: Valeur actualisée des flux de trésorerie futurs | F4: Autre
A5: Canada | B5: Scénario de base | C5: NUL | D5: 1. Contrats d’assurance (ou de réassurance) émis | E5: Ajustement au titre du risque | F5: Flux de trésorerie qui ne varient pas en fonction des éléments sous-jacents
A6: Canada | B6: Scénario de base | C6: NUL | D6: 1. Contrats d’assurance (ou de réassurance) émis | E6: Ajustement au titre du risque | F6: Flux de trésorerie qui varient en fonction des éléments sous-jacents
A7: Canada | B7: Scénario de base | C7: NUL | D7: 1. Contrats d’assurance (ou de réassurance) émis | E7: Ajustement au titre du risque | F7: Autre
A8: Canada | B8: Scénario de base | C8: NUL | D8: 1. Contrats d’assurance (ou de réassurance) émis | E8: Marge sur services contractuels | F8: Flux de trésorerie qui ne varient pas en fonction des éléments sous-jacents
A9: Canada | B9: Scénario de base | C9: NUL | D9: 1. Contrats d’assurance (ou de réassurance) émis | E9: Marge sur services contractuels | F9: Flux de trésorerie qui varient en fonction des éléments sous-jacents
A10: Canada | B10: Scénario de base | C10: NUL | D10: 1. Contrats d’assurance (ou de réassurance) émis | E10: Marge sur services contractuels | F10: Autre
A11: Canada | B11: Scénario de base | C11: NUL | D11: 2. Contrats de réassurance détenus | E11: Valeur actualisée des flux de trésorerie futurs | F11: Flux de trésorerie qui ne varient pas en fonction des éléments sous-jacents
A12: Canada | B12: Scénario de base | C12: NUL | D12: 2. Contrats de réassurance détenus | E12: Valeur actualisée des flux de trésorerie futurs | F12: Flux de trésorerie qui varient en fonction des éléments sous-jacents
A13: Canada | B13: Scénario de base | C13: NUL | D13: 2. Contrats de réassurance détenus | E13: Valeur actualisée des flux de trésorerie futurs | F13: Autre
... A267: Autres régions | B267: Utilisation de la courbe de l’ICA de décembre de l'année en cours | C267: NUL | D267: 2. Contrats de réassurance détenus | E267: NUL | F267: NUL

Sheet 53010
A1: pays | B1: entité | C1: avec_par_ou_sans_par | D1: portefeuille | E1: description_provisions_générales | F1: valeur

Sheet 54010
A1: société_réassurance | B1: portefeuille | C1: type_de_produit_de_réassurance | D1: préciser_autre_type_de_produit_de_réassurance | E1: type_de_produit_contrats_ass_directe_sous_jacents | F1: préciser_autre_type_de_produit_contrats_ass_directe_sous_jacents | G1: type_de_réassurance | H1: principaux_risques_transférés | I1: catégorie_de_valeur | J1: valeur
I2: Actifs au titre des contrats de réassurance détenus (-)
I3: Passifs au titre des contrats de réassurance détenus (+)

Sheet 61010
A1: pays | B1: devise | C1: segment_actif | D1: avec_par_ou_sans_par_ou_autre | E1: préciser_autre_que_avec_par_ou_sans_par | F1: catégorie_actifs | G1: segment_comprend_flux_trésorerie_exécution | H1: segment_comprend_marges_services_contractuels | I1: segment_comprend_capitaux_propres | J1: préciser_portefeuilles_segment_actif | K1: préciser_produits_segment_actif | L1: catégorie_de_valeur | M1: valeur
F2: Obligations | L2: Coût amorti
F3: Obligations | L3: Juste valeur par le biais du résultat net (JVRN)
F4: Obligations | L4: Juste valeur par le biais des autres éléments du résultat global (JVAERG)
F5: Prêts hypothécaires | L5: Coût amorti
F6: Prêts hypothécaires | L6: Juste valeur par le biais du résultat net (JVRN)
F7: Prêts hypothécaires | L7: Juste valeur par le biais des autres éléments du résultat global (JVAERG)
F8: Actions | L8: Juste valeur par le biais du résultat net (JVRN)
F9: Actions | L9: Juste valeur par le biais des autres éléments du résultat global (JVAERG)
F10: Immobilier – Immeubles de placement | L10: Évalué au prix coûtant
F11: Immobilier – Immeubles de placement | L11: Évalué à la juste valeur
F12: Immobilier – Immeubles détenus | L12: Évalué au prix coûtant
F13: Immobilier – Immeubles détenus | L13: Évalué à la juste valeur
... F19: Autres actifs | L19: NUL

Sheet 62010
A1: pays | B1: devise | C1: segment_actif | D1: catégorie_actifs | E1: catégorie_de_valeur | F1: valeur
D2: Obligations | E2: Rendement réel
D3: Prêts hypothécaires | E3: Rendement réel
D4: Actions de sociétés ouvertes | E4: Rendement réel ou attendu – Dividendes ou produits
D5: Actions de sociétés ouvertes | E5: Rendement réel ou attendu – Gain en capital ou croissance
D6: Actions de sociétés ouvertes | E6: Rendement total réel ou attendu
D7: Actions de sociétés fermées | E7: Rendement réel ou attendu – Dividendes ou produits
D8: Actions de sociétés fermées | E8: Rendement réel ou attendu – Gain en capital ou croissance
D9: Actions de sociétés fermées | E9: Rendement total réel ou attendu
D10: Immobilier | E10: Rendement réel ou attendu – Dividendes ou produits
D11: Immobilier | E11: Rendement réel ou attendu – Gain en capital ou croissance
D12: Immobilier | E12: Rendement total réel ou attendu
D13: Espèces et financement à court terme | E13: Rendement réel
... D20: Autres actifs | E20: Rendement réel

Sheet 71110
A1: sous_compte_participation | B1: catégorie_de_valeur | C1: valeur
B2: Excédent du sous-compte, début de l’exercice, comme déclaré antérieurement
B3: Excédent du sous-compte redressé, début de l’exercice
B4: Intérêt résiduel du sous-compte, début de l’exercice
B5: Redressement de la valeur des devises
B6: Revenu net du sous-compte
B7: Prélèvements de l’excédent du sous-compte et virements au compte des actionnaires conformément à l’alinéa 462a) de la LSA(*)
B8: Autres virements ou prélèvements à/de l’excédent du sous-compte (**)
B9: Excédent du sous-compte, fin de l’exercice (***)
B10: Intérêt résiduel du sous-compte, fin de l’exercice (***)
B11: Sous-compte (passif et excédent), début de l’exercice, comme déclaré antérieurement
B12: Sous-compte redressé (passif et excédent), début de l’exercice
B13: Total du sous-compte (passif et excédent), fin de l’exercice
... B19: Calcul des virements en vertu de l’alinéa 462a) en conformité avec l’article 461 de la LSA

Sheet Règles de validation
A1: Numéro d’erreur | B1: Nom de la feuille de calcul | C1: Nom de la colonne | D1: Critère | E1: Règle de validation | F1: Description de l’erreur | G1: Type de colonne | H1: Type de données | I1: Exemple | J1: Associated Value_category Field | K1: Associated product_type Field | L1: Associated assumption_methodology Field | M1: Associated product_type_underlying_direct_contracts Field | N1: Associated par_or_nonpar_or_other Field
A2: 1 | B2: 00001 | C2: catégorie_de_valeur | E2: Le texte saisi doit être identique à celui de la liste déroulante. | F2: Le texte saisi doit être identique à celui de la liste déroulante. | G2: Catégorique | H2: Chaîne de caractères | I2: Voir la liste déroulante
A3: 2 | B3: 00001 | C3: valeur | D3: Si « catégorie_de_valeur » est : « (A) Passifs des polices déclarés dans ce classeur Excel » | E3: Ce champ ne peut pas être vide. | F3: Il faut saisir une valeur. | G3: Numérique | H3: Nombre décimal | I3: 123.54 | J3: (A) Policy liabilities reported in this workbook
A4: 3 | B4: 00001 | C4: valeur | D4: Si « catégorie_de_valeur » est : « (a) Actifs au titre des contrats d'assurance (relevé LF1 – tableau 20002, ligne 170, colonne 01) » | E4: Ce champ ne peut pas être vide. | F4: Il faut saisir une valeur. | G4: Numérique | H4: Nombre décimal | I4: 123.54 | J4: (a) Insurance Contract Assets ((LF1 - schedule 20002, row 170, column 01)
A5: 4 | B5: 00001 | C5: valeur | D5: Si « catégorie_de_valeur » est : « (b) Actifs au titre des contrats de réassurance détenus (relevé LF1 – tableau 20002, ligne 180, colonne 01) » | E5: Ce champ ne peut pas être vide. | F5: Il faut saisir une valeur. | G5: Numérique | H5: Nombre décimal | I5: 123.54 | J5: (b) Reinsurance Contract Assets (LF1 - schedule 20002, row 180, column 01)
A6: 5 | B6: 00001 | C6: valeur | D6: Si « catégorie_de_valeur » est : « (c) Passifs au titre des contrats d'assurance – excluant les fonds distincts (relevé LF1 – tableau 20004, ligne 150, colonne 01) » | E6: Ce champ ne peut pas être vide. | F6: Il faut saisir une valeur. | G6: Numérique | H6: Nombre décimal | I6: 123.54 | J6: (c) Insurance Contract Liabilities – Excluding Segregated Funds Net Liabilities (LF1 - schedule 20004, row 150, column 01)
A7: 6 | B7: 00001 | C7: valeur | D7: Si « catégorie_de_valeur » est : « (d) Passifs au titre des contrats d'assurance – Garanties de fonds distincts (relevé LF1 – tableau 20004, ligne 155, colonne 01) » | E7: Ce champ ne peut pas être vide. | F7: Il faut saisir une valeur. | G7: Numérique | H7: Nombre décimal | I7: 123.54 | J7: (d) Insurance Contract Liabilities - Segregated Fund Guarantees (LF1 - schedule 20004, row 155, column 01)
A8: 7 | B8: 00001 | C8: valeur | D8: Si « catégorie_de_valeur » est : « (e) Passifs au titre des contrats de réassurance détenus – excluant les fonds distincts (relevé LF1 – tableau 20004, ligne 170, colonne 01) » | E8: Ce champ ne peut pas être vide. | F8: Il faut saisir une valeur. | G8: Numérique | H8: Nombre décimal | I8: 123.54 | J8: (e) Reinsurance Contract Held Liabilities – Excluding Segregated Funds (LF1 - schedule 20004, row 170, column 01)
A9: 8 | B9: 00001 | C9: valeur | D9: Si « catégorie_de_valeur » est : « (f) Passifs au titre des contrats de réassurance détenus – Garanties de fonds distincts (relevé LF1 – tableau 20004, ligne 175, colonne 01) » | E9: Ce champ ne peut pas être vide. | F9: Il faut saisir une valeur. | G9: Numérique | H9: Nombre décimal | I9: 123.54 | J9: (f) Reinsurance Contract Held Liabilities - Segregated Fund Guarantees (LF1 - schedule 20004, row 175, column 01)
A10: 9 | B10: 00001 | C10: valeur | D10: Si « catégorie_de_valeur » est : « (g) Passifs des contrats d'investissement – excluant les fonds distincts (relevé LF1 – tableau 20004, ligne 190, colonne 01) » | E10: Ce champ ne peut pas être vide. | F10: Il faut saisir une valeur. | G10: Numérique | H10: Nombre décimal | I10: 123.54 | J10: (g) Investment Contract Liabilities – Excluding Segregated Funds Net Liabilities (LF1 - schedule 20004, row 190, column 01)
A11: 10 | B11: 00001 | C11: valeur | D11: Si « catégorie_de_valeur » est : « La différence entre (A) et la somme de [(a) à (g)] est-elle expliquée? (1. Oui ou 2. Non) L'explication doit figurer dans la section « Généralités » du rapport de l'actuaire désigné. » | E11: Ce champ ne peut pas être vide. | F11: Il faut saisir une valeur, et la valeur saisie ne peut être que « 1 − Oui » ou « 2 − Non ». | G11: Catégorique | H11: Nombre entier | I11: 1 ou 2 | J11: Is the explanation of the difference between (A) and sum of [(a) to (g)] provided? (1. Yes or 2. No) The explanation must be provided in the 'General' section of the Appointed Actuary's report.
A12: 11 | B12: 00011 | C12: catégorie_de_valeur | E12: Le texte saisi doit être identique à celui de la liste déroulante. | F12: Le texte saisi doit être identique à celui de la liste déroulante. | G12: Catégorique | H12: Chaîne de caractères | I12: Voir la liste déroulante
A13: 12 | B13: 00011 | C13: valeur | E13: Aucune règle de validation | G13: Catégorique | H13: Chaîne de caractères | I13: Texte libre
A14: 13 | B14: 00012 | C14: catégorie_de_valeur | E14: Le texte saisi doit être identique à celui de la liste déroulante. | F14: Le texte saisi doit être identique à celui de la liste déroulante. | G14: Catégorique | H14: Chaîne de caractères | I14: Voir la liste déroulante
A15: 14 | B15: 00012 | C15: valeur | E15: Aucune règle de validation | G15: Catégorique | H15: Chaîne de caractères | I15: Texte libre
A16: 15 | B16: 00013 | C16: catégorie_de_valeur | E16: Le texte saisi doit être identique à celui de la liste déroulante. | F16: Le texte saisi doit être identique à celui de la liste déroulante. | G16: Catégorique | H16: Chaîne de caractères | I16: Voir la liste déroulante
A17: 16 | B17: 00013 | C17: valeur | E17: Aucune règle de validation | G17: Catégorique | H17: Chaîne de caractères | I17: Texte libre
A18: 17 | B18: 00014 | C18: catégorie_de_valeur | E18: Le texte saisi doit être identique à celui de la liste déroulante. | F18: Le texte saisi doit être identique à celui de la liste déroulante. | G18: Catégorique | H18: Chaîne de caractères | I18: Voir la liste déroulante
A19: 18 | B19: 00014 | C19: valeur | E19: Aucune règle de validation | G19: Catégorique | H19: Chaîne de caractères | I19: Texte libre
A20: 19 | B20: 00015 | C20: catégorie_de_valeur | E20: Le texte saisi doit être identique à celui de la liste déroulante. | F20: Le texte saisi doit être identique à celui de la liste déroulante. | G20: Catégorique | H20: Chaîne de caractères | I20: Voir la liste déroulante
A21: 20 | B21: 00015 | C21: valeur | E21: Aucune règle de validation | G21: Catégorique | H21: Chaîne de caractères | I21: Texte libre
A22: 21 | B22: 21020 | C22: pays; entité; avec_par_ou_sans_par; portefeuille; type_de_contrat; type_de_produit; catégorie_de_valeur | E22: Le texte saisi doit être identique à celui de la liste déroulante. | F22: Le texte saisi doit être identique à celui de la liste déroulante. | G22: Catégorique | H22: Chaîne de caractères ou nombre entier | I22: Voir la liste déroulante
A23: 22 | B23: 21020 | C23: préciser_autre_type_de_produit | D23: Si « type_de_produit » est l’un des éléments suivants : (« Autre assurance ajustable », « Autre assurance vie individuelle », « Autres rentes », « Autre assurance maladie individuelle », « Autres produits d’assurance collective », « Coassurance − Autre », « Réassurance − Autre ») | E23: Ce champ ne peut pas être vide. | F23: Il faut saisir une valeur. | G23: Catégorique | H23: Chaîne de caractères | I23: Texte libre | K23: if any of the following items is selected: ( "Adjustable Other", "Other Individual Life", "Other Annuities", "Other Individual Health", "Other Group products", "Coinsurance - Other", "Reinsurance- Other")
A24: 23 | B24: 21020 | C24: valeur | E24: Aucune règle de validation | G24: Numérique | H24: Nombre décimal | I24: 123.54
A25: 24 | B25: 21021 | C25: catégorie_de_valeur | E25: Le texte saisi doit être identique à celui de la liste déroulante. | F25: Le texte saisi doit être identique à celui de la liste déroulante. | G25: Catégorique | H25: Chaîne de caractères | I25: Voir la liste déroulante
A26: 25 | B26: 21021 | C26: valeur | D26: Si « catégorie_de_valeur » est : « Niveau de confiance des ajustements au titre du risque à l’échelle de l’entité (en %) » | E26: Ce champ ne peut pas être vide. | F26: Il faut saisir une valeur. | G26: Numérique | H26: Pourcentage | I26: 0.7654 | J26: Confidence level of risk adjustments at the entity-level (%)
A27: 26 | B27: 21021 | C27: valeur | D27: Si « catégorie_de_valeur » est : « Niveau de confiance des ajustements au titre du risque à l’échelle du Canada (en %) » | E27: Ce champ ne peut pas être vide. | F27: Il faut saisir une valeur. | G27: Numérique | H27: Pourcentage | I27: 0.7654 | J27: Confidence level of risk adjustments at the Canadian-level (%)
A28: 27 | B28: 21021 | C28: valeur | D28: Si « catégorie_de_valeur » est : Base du niveau de confiance – avant ou après déduction de la réassurance | E28: Ce champ ne peut pas être vide. | F28: La valeur doit être saisie, et la saisie ne peut être que brute ou nette. | G28: Catégorique | H28: Chaîne de caractères | I28: Voir la liste déroulante | J28: Confidence level base - gross or net of reinsurance
A29: 28 | B29: 21021 | C29: valeur | D29: Si « catégorie_de_valeur » est : « Technique d’estimation de l’ajustement au titre du risque » | E29: Ce champ ne peut pas être vide. | F29: La valeur doit être saisie, et la saisie doit être identique à celle de la liste déroulante. | G29: Catégorique | H29: Chaîne de caractères | I29: Voir la liste déroulante | J29: Estimation technique for risk adjustment
A30: 29 | B30: 22010 | C30: pays; entité; avec_par_ou_sans_par; portefeuille; type_de_contrat; type_de_produit; catégorie_de_valeur | E30: Le texte saisi doit être identique à celui de la liste déroulante. | F30: Le texte saisi doit être identique à celui de la liste déroulante. | G30: Catégorique | H30: Chaîne de caractères ou nombre entier | I30: Voir la liste déroulante
A31: 30 | B31: 22010 | C31: préciser_autre_type_de_produit | D31: Si « type_de_produit » est l’un des éléments suivants : (« Autre assurance ajustable », « Autre assurance vie individuelle », « Autres rentes », « Autre assurance maladie individuelle », « Autres produits d’assurance collective », « Coassurance − Autre », « Réassurance − Autre ») | E31: Ce champ ne peut pas être vide. | F31: Il faut saisir une valeur. | G31: Catégorique | H31: Chaîne de caractères | I31: Texte libre | K31: if any of the following items is selected: ( "Adjustable Other", "Other Individual Life", "Other Annuities", "Other Individual Health", "Other Group products", "Coinsurance - Other", "Reinsurance- Other")
A32: 31 | B32: 22010 | C32: valeur | E32: Aucune règle de validation | G32: Numérique | H32: Nombre décimal | I32: 123.54
A33: 32 | B33: 22020 | C33: pays; entité; avec_par_ou_sans_par; portefeuille; type_de_contrat; type_de_produit; catégorie_de_valeur | E33: Le texte saisi doit être identique à celui de la liste déroulante. | F33: Le texte saisi doit être identique à celui de la liste déroulante. | G33: Catégorique | H33: Chaîne de caractères ou nombre entier | I33: Voir la liste déroulante
A34: 33 | B34: 22020 | C34: préciser_autre_type_de_produit | D34: Si « type_de_produit » est l’un des éléments suivants : (« Autre assurance ajustable », « Autre assurance vie individuelle », « Autres rentes », « Autre assurance maladie individuelle », « Autres produits d’assurance collective », « Coassurance − Autre », « Réassurance − Autre ») | E34: Ce champ ne peut pas être vide. | F34: Il faut saisir une valeur. | G34: Catégorique | H34: Chaîne de caractères | I34: Texte libre | K34: if any of the following items is selected: ( "Adjustable Other", "Other Individual Life", "Other Annuities", "Other Individual Health", "Other Group products", "Coinsurance - Other", "Reinsurance- Other")
A35: 34 | B35: 22020 | C35: valeur | E35: Aucune règle de validation | G35: Numérique | H35: Nombre décimal | I35: 123.54
A36: 35 | B36: 23010 | C36: pays; entité; avec_par_ou_sans_par; portefeuille; type_de_contrat; type_de_produit; changements_hypothèses_méthodes catégorie_de_valeur | E36: Le texte saisi doit être identique à celui de la liste déroulante. | F36: Le texte saisi doit être identique à celui de la liste déroulante. | G36: Catégorique | H36: Chaîne de caractères ou nombre entier | I36: Voir la liste déroulante
A37: 36 | B37: 23010 | C37: préciser_autre_type_de_produit | D37: Si « type_de_produit » est l’un des éléments suivants : (« Autre assurance ajustable », « Autre assurance vie individuelle », « Autres rentes », « Autre assurance maladie individuelle », « Autres produits d’assurance collective », « Coassurance − Autre », « Réassurance − Autre ») | E37: Ce champ ne peut pas être vide. | F37: Il faut saisir une valeur. | G37: Catégorique | H37: Chaîne de caractères | I37: Texte libre | K37: if any of the following items is selected: ( "Adjustable Other", "Other Individual Life", "Other Annuities", "Other Individual Health", "Other Group products", "Coinsurance - Other", "Reinsurance- Other")
A38: 37 | B38: 23010 | C38: préciser_autre_hypothèse_méthode | D38: Si « changement_hypothèse_méthode » est : « Autre » | E38: Ce champ ne peut pas être vide. | F38: Il faut saisir une valeur. | G38: Catégorique | H38: Chaîne de caractères | I38: Texte libre | L38: if "Other" is selected
A39: 38 | B39: 23010 | C39: description_du_changement | E39: Aucune règle de validation | G39: Catégorique | H39: Chaîne de caractères | I39: =+'Dictionnaire des données'!$G$5 -> Texte libre
A40: 39 | B40: 23010 | C40: valeur | E40: Aucune règle de validation | G40: Numérique | H40: Nombre décimal | I40: 123.54
A41: 40 | B41: 23020 | C41: pays; entité; avec_par_ou_sans_par; portefeuille; type_de_contrat; type_de_produit; changements_hypothèses_méthodes trimestre; catégorie_de_valeur | E41: Le texte saisi doit être identique à celui de la liste déroulante. | F41: Le texte saisi doit être identique à celui de la liste déroulante. | G41: Catégorique | H41: Chaîne de caractères ou nombre entier | I41: Voir la liste déroulante
A42: 41 | B42: 23020 | C42: préciser_autre_type_de_produit | D42: Si « type_de_produit » est l’un des éléments suivants : (« Autre assurance ajustable », « Autre assurance vie individuelle », « Autres rentes », « Autre assurance maladie individuelle », « Autres produits d’assurance collective », « Coassurance − Autre », « Réassurance − Autre ») | E42: Ce champ ne peut pas être vide. | F42: Il faut saisir une valeur. | G42: Catégorique | H42: Chaîne de caractères | I42: Texte libre | K42: if any of the following items is selected: ( "Adjustable Other", "Other Individual Life", "Other Annuities", "Other Individual Health", "Other Group products", "Coinsurance - Other", "Reinsurance- Other")
A43: 42 | B43: 23020 | C43: préciser_autre_hypothèse_méthode | D43: Si « changement_hypothèse_méthode » est : « Autre » | E43: Ce champ ne peut pas être vide. | F43: Il faut saisir une valeur. | G43: Catégorique | H43: Chaîne de caractères | I43: Texte libre | L43: if "Other" is selected
A44: 43 | B44: 23020 | C44: description_du_changement | E44: Aucune règle de validation | G44: Catégorique | H44: Chaîne de caractères | I44: Texte libre
A45: 44 | B45: 23020 | C45: valeur | E45: Aucune règle de validation | G45: Numérique | H45: Chaîne de caractères | I45: 123.54
A46: 45 | B46: 23030 | C46: pays; entité; avec_par_ou_sans_par; portefeuille; type_de_contrat; trimestre; catégorie_de_valeur | E46: Le texte saisi doit être identique à celui de la liste déroulante. | F46: Le texte saisi doit être identique à celui de la liste déroulante. | G46: Catégorique | H46: Chaîne de caractères ou nombre entier | I46: Voir la liste déroulante
A47: 46 | B47: 23030 | C47: description_du_changement | E47: Aucune règle de validation | G47: Catégorique | H47: Chaîne de caractères | I47: =+'Dictionnaire des données'!$G$5 -> Texte libre
A48: 47 | B48: 23030 | C48: valeur | E48: Aucune règle de validation | G48: Numérique | H48: Nombre décimal | I48: 123.54
A49: 48 | B49: 24010 | C49: pays; entité; portefeuille; type_de_produit; type_de_contrat; comprend_produits_contractuellement_ajustables; comprend_produits_avec_participation; contrats_comprennent_garanties_financières; modélisation_utilisée; comprend_flux_trésorerie_varient_sous_jacents; comprend_contrats_avec_composants_investissements_services; approche_évaluation | E49: Le texte saisi doit être identique à celui de la liste déroulante. | F49: Le texte saisi doit être identique à celui de la liste déroulante. | G49: Catégorique | H49: Chaîne de caractères ou nombre entier | I49: Voir la liste déroulante
A50: 49 | B50: 24010 | C50: préciser_autre_type_de_produit | D50: Si « type_de_produit » est l’un des éléments suivants : (« Autre assurance ajustable », « Autre assurance vie individuelle », « Autres rentes », « Autre assurance maladie individuelle », « Autres produits d’assurance collective », « Coassurance − Autre », « Réassurance − Autre ») | E50: Ce champ ne peut pas être vide. | F50: Il faut saisir une valeur. | G50: Catégorique | H50: Chaîne de caractères | I50: Texte libre | K50: if any of the following items is selected: ( "Adjustable Other", "Other Individual Life", "Other Annuities", "Other Individual Health", "Other Group products", "Coinsurance - Other", "Reinsurance- Other")
A51: 50 | B51: 25010 | C51: norme_IFRS | E51: Le texte saisi doit être identique à celui de la liste déroulante. | F51: Le texte saisi doit être identique à celui de la liste déroulante. | G51: Catégorique | H51: Chaîne de caractères | I51: Voir la liste déroulante
A52: 51 | B52: 25010 | C52: description_des_contrats | E52: Aucune règle de validation | G52: Catégorique | H52: Chaîne de caractères | I52: =+'Dictionnaire des données'!$G$5 -> Texte libre
A53: 52 | B53: 25010 | C53: valeur | E53: Aucune règle de validation | G53: Numérique | H53: Nombre décimal | I53: 123.54
A54: 53 | B54: 32010 | C54: pays; devise; catégorie_liquidité; 1_comptant_ou_2_terme; 1_ascendante_ou_2_descendante; année; 1_observables_ou_2_non_observables | E54: Le texte saisi doit être identique à celui de la liste déroulante. | F54: Le texte saisi doit être identique à celui de la liste déroulante. | G54: Catégorique | H54: Chaîne de caractères ou nombre entier | I54: Voir la liste déroulante
A55: 54 | B55: 32010 | C55: valeur | E55: La valeur saisie doit être un pourcentage compris entre -10 % et +20 %. | F55: La valeur saisie doit être un pourcentage compris entre -10 % et +20 %. | G55: Numérique | H55: Pourcentage | I55: 0.0123
A56: 55 | B56: 32020 | C56: devise; 1_comptant_ou_2_terme; année; 1_observables_ou_2_non_observables | E56: Le texte saisi doit être identique à celui de la liste déroulante. | F56: Le texte saisi doit être identique à celui de la liste déroulante. | G56: Catégorique | H56: Chaîne de caractères ou nombre entier | I56: Voir la liste déroulante
A57: 56 | B57: 32020 | C57: valeur | E57: La valeur saisie doit être un pourcentage compris entre -10 % et +20 %. | F57: La valeur saisie doit être un pourcentage compris entre -10 % et +20 %. | G57: Numérique | H57: Pourcentage | I57: 0.0123
A58: 57 | B58: 41310 | C58: année; catégorie_de_valeur | E58: Le texte saisi doit être identique à celui de la liste déroulante. | F58: Le texte saisi doit être identique à celui de la liste déroulante. | G58: Catégorique | H58: Chaîne de caractères ou nombre entier | I58: Voir la liste déroulante
A59: 58 | B59: 41310 | C59: valeur | D59: Si « catégorie_de_valeur » est : « Montant moyen du capital » | E59: Aucune règle de validation | G59: Numérique | H59: Nombre décimal | I59: 123.45 | J59: Average capital amount
A60: 59 | B60: 41310 | C60: valeur | D60: Si « catégorie_de_valeur » est : « Taux du coût du capital (en %) » | E60: La valeur saisie doit être comprise entre de 0 +20 %. | F60: La valeur saisie doit être comprise entre de 0 +20 %. | G60: Numérique | H60: Pourcentage | I60: 0.1234 | J60: Cost of capital rate (%)
A61: 60 | B61: 41310 | C61: valeur | D61: Si « catégorie_de_valeur » est : « Taux d’actualisation (en %) » | E61: La valeur saisie doit être comprise entre de 0 +20 %. | F61: La valeur saisie doit être comprise entre de 0 +20 %. | G61: Numérique | H61: Pourcentage | I61: 0.1234 | J61: Discount rate (%)
A62: 61 | B62: 42110 | C62: pays; entité; portefeuille; type_de_produit; catégorie_de_groupe; catégorie_de_valeur; | E62: Le texte saisi doit être identique à celui de la liste déroulante. | F62: Le texte saisi doit être identique à celui de la liste déroulante. | G62: Catégorique | H62: Chaîne de caractères ou nombre entier | I62: Voir la liste déroulante
A63: 62 | B63: 42110 | C63: préciser_autre_type_de_produit | D63: Si « type_de_produit » est l’un des éléments suivants : (« Autre assurance ajustable », « Autre assurance vie individuelle », « Autres rentes », « Autre assurance maladie individuelle », « Autres produits d’assurance collective », « Coassurance − Autre », « Réassurance − Autre ») | E63: Ce champ ne peut pas être vide. | F63: Il faut saisir une valeur. | G63: Catégorique | H63: Chaîne de caractères | I63: Texte libre | K63: if any of the following items is selected: ( "Adjustable Other", "Other Individual Life", "Other Annuities", "Other Individual Health", "Other Group products", "Coinsurance - Other", "Reinsurance- Other")
A64: 63 | B64: 42110 | C64: valeur | E64: Aucune règle de validation | G64: Numérique | H64: Nombre décimal | I64: 123.54
A65: 64 | B65: 42120 | C65: pays; entité; avec_par_ou_sans_par; portefeuille; | E65: Le texte saisi doit être identique à celui de la liste déroulante. | F65: Le texte saisi doit être identique à celui de la liste déroulante. | G65: Catégorique | H65: Chaîne de caractères ou nombre entier | I65: Voir la liste déroulante
A66: 65 | B66: 42120 | C66: valeur | E66: Aucune règle de validation | G66: Numérique | H66: Nombre décimal | I66: 123.54
A67: 66 | B67: 51010 | C67: pays; type_de_catégorie_1; type_de_catégorie_2; type_de_contrat; catégorie_de_valeur; sous_categorie_de_valeur | E67: Le texte saisi doit être identique à celui de la liste déroulante. | F67: Le texte saisi doit être identique à celui de la liste déroulante. | G67: Catégorique | H67: Chaîne de caractères | I67: Voir la liste déroulante
A68: 67 | B68: 51010 | C68: valeur | E68: Ce champ ne peut pas être vide. | F68: Il faut saisir une valeur. | G68: Numérique | H68: Nombre décimal | I68: 123.54
A69: 68 | B69: 53010 | C69: pays; entité; avec_par_ou_sans_par; portefeuille; | E69: Le texte saisi doit être identique à celui de la liste déroulante. | F69: Le texte saisi doit être identique à celui de la liste déroulante. | G69: Catégorique | H69: Chaîne de caractères ou nombre entier | I69: Voir la liste déroulante
A70: 69 | B70: 53010 | C70: description_provisions_générales | E70: Aucune règle de validation | G70: Catégorique | H70: Chaîne de caractères | I70: Texte libre
A71: 70 | B71: 53010 | C71: valeur | E71: Aucune règle de validation | G71: Numérique | H71: Nombre décimal | I71: 123.54
A72: 71 | B72: 54010 | C72: société_réassurance; principaux_risques_transférés | E72: Aucune règle de validation | G72: Catégorique | H72: Chaîne de caractères | I72: Texte libre
A73: 72 | B73: 54010 | C73: portefeuille; type_de_produit; type_de_produit_contrats_ass_directe_sous_jacents; type_de_réassurance; catégorie_de_valeur | E73: Le texte saisi doit être identique à celui de la liste déroulante. | F73: Le texte saisi doit être identique à celui de la liste déroulante. | G73: Catégorique | H73: Chaîne de caractères ou nombre entier | I73: Voir la liste déroulante
A74: 73 | B74: 54010 | C74: préciser_autre_type_de_produit | D74: Si « type_de_produit » est l’un des éléments suivants : (« Autre assurance ajustable », « Autre assurance vie individuelle », « Autres rentes », « Autre assurance maladie individuelle », « Autres produits d’assurance collective », « Coassurance − Autre », « Réassurance − Autre ») | E74: Ce champ ne peut pas être vide. | F74: Il faut saisir une valeur. | G74: Catégorique | H74: Chaîne de caractères | I74: Texte libre | K74: if any of the following items is selected: ( "Adjustable Other", "Other Individual Life", "Other Annuities", "Other Individual Health", "Other Group products", "Coinsurance - Other", "Reinsurance- Other")
A75: 74 | B75: 54010 | C75: préciser_autre_type_de_produit_contrats_ass_directe_sous_jacents | D75: Si « type_de_produit_contrats_ass_directe_sous_jacents » est l’un des éléments suivants : (« Autre assurance ajustable », « Autre assurance vie individuelle », « Autres rentes », « Autre assurance maladie individuelle », « Autres produits d’assurance collective », « Coassurance − Autre », « Réassurance − Autre ») | E75: Ce champ ne peut pas être vide. | F75: Il faut saisir une valeur. | G75: Catégorique | H75: Chaîne de caractères | I75: Texte libre | M75: if any of the following items is selected: ( "Adjustable Other", "Other Individual Life", "Other Annuities", "Other Individual Health", "Other Group products", "Coinsurance - Other", "Reinsurance- Other")
A76: 75 | B76: 54010 | C76: valeur | E76: Aucune règle de validation | G76: Numérique | H76: Nombre décimal | I76: 123.54
A77: 76 | B77: 61010 | C77: pays; devise; segment_actif; avec_par_ou_sans_par_ou_autre; catégorie_actifs; segment_comprend_flux_trésorerie_exécution; segment_comprend_marges_services_contractuels; segment_comprend_capitaux_propres; catégorie_de_valeur | E77: Le texte saisi doit être identique à celui de la liste déroulante. | F77: Le texte saisi doit être identique à celui de la liste déroulante. | G77: Catégorique | H77: Chaîne de caractères ou nombre entier | I77: Voir la liste déroulante
A78: 77 | B78: 61010 | C78: préciser_autre_que_avec_par_ou_sans_par | D78: Si « avec_par_ou_sans_par_ou_autre » est : « 3 » | E78: Ce champ ne peut pas être vide. | F78: Il faut saisir une valeur. | G78: Catégorique | H78: Chaîne de caractères | I78: Texte libre | N78: if "3" is selected
A79: 78 | B79: 61010 | C79: préciser_portefeuilles_segment_actif; préciser_produits_segment_actif | E79: Aucune règle de validation
A80: 79 | B80: 61010 | C80: préciser_produits_segment_actif | E80: Aucune règle de validation | G80: Catégorique | H80: Chaîne de caractères | I80: Texte libre
A81: 80 | B81: 61010 | C81: préciser_portefeuilles_segment_actif; valeur | E81: Aucune règle de validation | G81: Numérique | H81: Nombre décimal | I81: 123.54
A82: 81 | B82: 62010 | C82: pays; devise; segment_actif; catégorie_actifs; catégorie_de_valeur | E82: Le texte saisi doit être identique à celui de la liste déroulante. | F82: Le texte saisi doit être identique à celui de la liste déroulante. | G82: Catégorique | H82: Chaîne de caractères ou nombre entier | I82: Voir la liste déroulante
A83: 82 | B83: 62010 | C83: valeur | E83: Aucune règle de validation | G83: Numérique | H83: Pourcentage | I83: 0.1234
A84: 83 | B84: 71110 | C84: sous_compte_participation; catégorie_de_valeur | E84: Le texte saisi doit être identique à celui de la liste déroulante. | F84: Le texte saisi doit être identique à celui de la liste déroulante. | G84: Catégorique | H84: Chaîne de caractères ou nombre entier | I84: Voir la liste déroulante
A85: 84 | B85: 71110 | C85: valeur | E85: Aucune règle de validation | G85: Numérique | H85: Nombre décimal | I85: 123.54

Sheet Listes déroulantes
A1: Validation – passifs ou actifs au titre des contrats d’assurance dans ce gabarit par rapport au relevé LF1 | C1: Pays | E1: Entité (filiale ou succursale) | G1: Type de produit | I1: Changements apportés aux hypothèses ou aux méthodes | K1: Changements apportés aux hypothèses ou aux méthodes en lien avec des risques financiers | M1: Modélisation – garanties financières | O1: Approche d'évaluation | Q1: Devise | S1: Variation ou non-variation des flux de trésorerie | U1: Type de produit de réassurance | W1: Type de produit des contrats d'assurance directe sous-jacents | Y1: Type de réassurance | AB1: Actifs | AD1: Évaluation de l’actif | AF1: Rendement de l’actif | AH1: Calcul du virement du sous-compte de contrats avec participation au compte des actionnaires | AJ1: Information sur l’examen par un pair | AL1: Travaux de l’actuaire désigné | AN1: Examen limité ou complet | AP1: Antérieur ou postérieur à la diffusion | AR1: Base du niveau de confiance | AT1: Technique d’estimation de l’ajustement au titre du risque | AV1: 1. Avec participation, 2. Sans participation ou 3. Autre | AX1: No de portefeuille | AZ1: No de catégorie d'illiquidité | BB1: No de segment de l’actif | BD1: No du sous-compte de contrats avec participation | BF1: Type de contrat | BH1: Élément de passif au titre des contrats d'assurance1 | BJ1: Ajustement au titre du risque par risque – approche fondée sur la marge | BL1: Ajustement au titre du risque par risque – autre que l'approche fondée sur la marge | BN1: Trimestre | BP1: 1. Oui ou 2. Non | BR1: Norme IFRS | BT1: 1. Taux au comptant ou 2. Taux à terme | BV1: 1. Ascendante ou 2. Descendante | BX1: Année | BZ1: 1. Observables ou 2. Non observables | CB1: Informations sur le coût du capital | CD1: Groupe de données sur les produits | CF1: Données sur les produits – capital nominal; valeur des comptes; primes | CH1: Scénario d’analyse de sensibilité aux taux d’intérêt | CJ1: Liste simplifiée des catégories de liquidité | CL1: Liste simplifiée des catégories de pays | CN1: Actifs (-) ou passifs (+) au titre des contrats de réassurance détenus | CP1: Niveau de confiance des ajustements au titre du risque | CT1: Élément de passif au titre des contrats d'assurance2
A2: (A) Passifs des polices déclarés dans ce classeur Excel | C2: Canada | E2: Entité (filiale ou succursale) 1 | G2: Assurance vie temporaire | I2: Changements apportés aux méthodes | K2: Changements de taux d’actualisation pour les flux de trésorerie qui varient | M2: Modèle stochastique | O2: Méthode générale d'évaluation (MGE) | Q2: Afghani afghan | S2: Flux de trésorerie qui ne varient pas en fonction des éléments sous-jacents | U2: TRA – Assurance vie entière ou assurance vie mixte | W2: Assurance vie temporaire (sauf T100) | Y2: Coassurance modifiée | AB2: Obligations | AD2: Coût amorti | AF2: Rendement réel | AH2: Excédent du sous-compte, début de l’exercice, comme déclaré antérieurement | AJ2: a. Nom du pair examinateur | AL2: Rapport de l’actuaire désigné (RAD) | AN2: Limité | AP2: Antérieur | AR2: Brute | AT2: 1. Approche fondée sur la marge | AV2: 1 | AX2: 1 | AZ2: 1 | BB2: 1 | BD2: 1 | BF2: 1. Contrats d’assurance (ou de réassurance) émis | BH2: Valeur actualisée des flux de trésorerie futurs (hors coût des garanties) | BJ2: Mortalité | BL2: Avantages de diversification | BN2: T1 | BP2: 1 | BR2: IFRS 9 | BT2: 1 | BV2: 1 | BX2: 1 | BZ2: 1 | CB2: Montant moyen du capital | CD2: 1. Nouveaux contrats – groupes de contrats qui sont déficitaires | CF2: Capital nominal | CH2: Scénario de base | CJ2: 1. Catégorie illiquide | CL2: Canada | CN2: Actifs au titre des contrats de réassurance détenus (-) | CP2: Niveau de confiance des ajustements au titre du risque à l’échelle de l’entité (en %) | CT2: Valeur actualisée des flux de trésorerie futurs
A3: (a) Actifs au titre des contrats d'assurance (relevé LF1 – tableau 20002, ligne 170, colonne 01) | C3: États-Unis | E3: Entité (filiale ou succursale) 2 | G3: Assurance vie entière ou assurance vie mixte | I3: Changements apportés aux estimations des flux de trésorerie futurs | K3: Effets des changements dans la provision pour coût des garanties | M3: Modèle déterministe | O3: Méthode de la répartition des primes (MRP) | Q3: Apsar abkhaze [E] | S3: Flux de trésorerie qui varient en fonction des éléments sous-jacents | U3: TRA – Assurance vie universelle ou assurance vie universelle variable | W3: T100 | Y3: Quote-part | AB3: Prêts hypothécaires | AD3: Juste valeur par le biais du résultat net (JVRN) | AF3: Rendement réel ou attendu – Dividendes ou produits | AH3: Excédent du sous-compte redressé, début de l’exercice | AJ3: b. Nom du cabinet d’experts-conseils | AL3: Test de suffisance du capital des sociétés d’assurance vie (TSAV) ou test de suffisance de la marge d’assurance vie (TSMAV) | AN3: Complet | AP3: Postérieur | AR3: Nette | AT3: 2. Approche fondée sur le coût du capital | AV3: 2 | AX3: 2 | AZ3: 2 | BB3: 2 | BD3: 2 | BF3: 2. Contrats de réassurance détenus | BH3: Coût des garanties | BJ3: Morbidité | BL3: Ajustement au titre du risque total | BN3: T2 | BP3: 2 | BR3: IFRS 15 | BT3: 2 | BV3: 2 | BX3: 2 | BZ3: 2 | CB3: Taux du coût du capital (en %) | CD3: 2. Nouveaux contrats – groupes de contrats qui n’ont pas de possibilité importante de devenir déficitaires | CF3: Valeur des comptes | CH3: Moins 50 points de base nets sur la courbe des taux d’actualisation | CJ3: 2. Somme de toutes les catégories de liquidité intermédiaires | CL3: États-Unis | CN3: Passifs au titre des contrats de réassurance détenus (+) | CP3: Niveau de confiance des ajustements au titre du risque à l’échelle du Canada (en %) | CT3: Ajustement au titre du risque
A4: (b) Actifs au titre des contrats de réassurance détenus (relevé LF1 – tableau 20002, ligne 180, colonne 01) | C4: Afghanistan | E4: Entité (filiale ou succursale) 3 | G4: Assurance vie entière ou assurance vie mixte ajustable | I4: Changements apportés à l’ajustement au titre du risque non financier (p. ex., modification des marges si l’approche fondée sur la marge est choisie, modification du taux du coût du capital si l’approche fondée sur le coût du capital est choisie) | K4: Changements apportés au modèle stochastique s'il est utilisé aux fins de l’évaluation | M4: Autre | O4: Méthode des frais variables (MFV) | Q4: Ariary malgache | S4: Autre | U4: TRA – Assurance vie collective | W4: Assurance vie entière ou assurance vie mixte | Y4: Excédent de sinistres | AB4: Actions | AD4: Juste valeur par le biais des autres éléments du résultat global (JVAERG) | AF4: Rendement réel ou attendu – Gain en capital ou croissance | AH4: Intérêt résiduel du sous-compte, début de l’exercice | AJ4: c. Examen limité ou complet? | AT4: 3. Niveau de confiance | AV4: 3 | AX4: 3 | AZ4: 3 | BB4: 3 | BD4: 3 | BF4: 3. Contrats d’investissement avec PD (participation discrétionnaire) | BH4: Ajustement au titre du risque | BJ4: Amélioration de la mortalité | BL4: Passifs (+) ou actifs (-) au titre des contrats d’assurance | BN4: T3 | BR4: Autre | BX4: 3 | CB4: Taux d’actualisation (en %) | CD4: 3. Nouveaux contrats – groupes constitués des autres contrats | CF4: Prime unique | CH4: Plus 50 points de base nets sur la courbe des taux d’actualisation | CJ4: 3. Catégorie liquide | CL4: Autres régions | CP4: Base du niveau de confiance – avant ou après déduction de la réassurance | CT4: Marge sur services contractuels
A5: (c) Passifs au titre des contrats d'assurance – excluant les fonds distincts (relevé LF1 – tableau 20004, ligne 150, colonne 01) | C5: Afrique du Sud | E5: Entité (filiale ou succursale) 4 | G5: Autre assurance ajustable | I5: Changements découlant de circonstances spéciales, particulières ou ponctuelles (p. ex., nouvelles normes, changement de méthode) | K5: Changements de taux d’actualisation au cours de la période non observable – méthode d’interpolation | M5: Sans objet | Q5: Baht thaïlandais | U5: TRA – Assurance vie temporaire | W5: Assurance vie entière ou assurance vie mixte ajustable | Y5: Coassurance avec retenue de fonds | AB5: Actions de sociétés ouvertes | AD5: Évalué au prix coûtant | AF5: Rendement total réel ou attendu | AH5: Redressement de la valeur des devises | AJ5: d. Examen antérieur ou postérieur à la diffusion? | AX5: 4 | AZ5: 4 | BB5: 4 | BD5: 4 | BH5: Marge sur services contractuels | BJ5: Amélioration de la morbidité | BN5: T4 | BX5: 4 | CD5: 4. Tous les contrats à la clôture de l’exercice en cours | CF5: Prime annualisée – renouvellement | CH5: Utilisation de la courbe de l’ICA de décembre de l'année en cours | CP5: Technique d’estimation de l’ajustement au titre du risque
A6: (d) Passifs au titre des contrats d'assurance – Garanties de fonds distincts (relevé LF1 – tableau 20004, ligne 155, colonne 01) | C6: Albanie | E6: Entité (filiale ou succursale) 5 | G6: Assurance vie universelle | I6: Corrections d’erreurs | K6: Changements de taux d’actualisation au cours de la période non observable – taux sans risque ultime | Q6: Balboa panaméen | U6: TRA – Autre | W6: Autre assurance ajustable | Y6: Quote-part au premier dollar | AB6: Actions de sociétés fermées | AD6: Évalué à la juste valeur | AH6: Revenu net du sous-compte | AJ6: e. Le pair examinateur a-t-il formulé des recommandations? (1 – Oui ou 2 – Non) | AX6: 5 | AZ6: 5 | BB6: 5 | BD6: 5 | BH6: Valeur actualisée des flux de trésorerie futurs | BJ6: Charges | BX6: 5 | CF6: Prime annualisée – première année | CH6: Au moyen des courbes de référence
A7: (e) Passifs au titre des contrats de réassurance détenus – excluant les fonds distincts (relevé LF1 – tableau 20004, ligne 170, colonne 01) | C7: Algérie | E7: Entité (filiale ou succursale) 6 | G7: Assurance vie universelle variable | I7: Changements attribuables à une opération inhabituelle importante (p. ex. réassurance, acquisition) | K7: Changements de taux d’actualisation au cours de la période non observable – prime de liquidité ultime | Q7: Birr éthiopien | U7: Coassurance – Assurance vie entière ou assurance vie mixte | W7: Assurance vie universelle | Y7: Traité de catastrophe | AB7: Immobilier | AH7: Prélèvements de l’excédent du sous-compte et virements au compte des actionnaires conformément à l’alinéa 462a) de la LSA(*) | AJ7: f. Si l’examen est antérieur à la diffusion, l’actuaire désigné a-t-il donné suite aux recommandations dans la version en vigueur? (1 – Oui ou 2 – Non; si l’examen est postérieur à la diffusion, laisser ce champ vide.) | AX7: 6 | AZ7: 6 | BB7: 6 | BD7: 6 | BJ7: Déchéance et autres comportements des titulaires de polices | BX7: 6 | CF7: Valeur actualisée des flux de trésorerie futurs | CH7: Au moyen des paramètres des courbes de référence pour la période non observable
A8: (f) Passifs au titre des contrats de réassurance détenus – Garanties de fonds distincts (relevé LF1 – tableau 20004, ligne 175, colonne 01) | C8: Allemagne | E8: Entité (filiale ou succursale) 7 | G8: Assurance vie en unités de compte | I8: Changements apportés à d'autres flux de trésorerie inclus dans les estimations des flux de trésorerie (p. ex., avances sur polices, comptes de primes payées d’avance, comptes de type dépôt des titulaires de polices comme les sommes en dépôt, les réserves pour fluctuation des sinistres, les réserves de stabilisation des primes) | K8: Autres changements de méthode | Q8: Bitcoin [5] | U8: Coassurance – Assurance vie universelle ou assurance vie universelle variable | W8: Assurance vie universelle variable | Y8: Réassurance non traditionnelle | AB8: Immobilier – Immeubles de placement | AH8: Autres virements ou prélèvements à/de l’excédent du sous-compte (**) | AJ8: g. Si l’examen est antérieur à la diffusion, les recommandations étaient-elles importantes? (1 – Oui ou 2 – Non; si l’examen est postérieur à la diffusion, laisser ce champ vide.) | AX8: 7 | AZ8: 7 | BB8: 7 | BD8: 7 | BJ8: Autre | BX8: 7 | CF8: Ajustement au titre du risque non financier
A9: (g) Passifs des contrats d'investissement – excluant les fonds distincts (relevé LF1 – tableau 20004, ligne 190, colonne 01) | C9: Andorre | E9: Entité (filiale ou succursale) 8 | G9: Autre assurance vie individuelle | I9: Modifications attribuables à un changement administratif ou interne (p. ex., nouveaux systèmes, évolution de la politique de placement) | K9: Autre | Q9: Bolivar souverain vénézuélien | U9: Coassurance – Assurance vie, maladie ou invalidité collective | W9: Assurance vie en unités de compte | Y9: Autre | AB9: Immobilier – Immeubles détenus | AH9: Excédent du sous-compte, fin de l’exercice (***) | AX9: 8 | AZ9: 8 | BB9: 8 | BD9: 8 | BJ9: Avantages de diversification | BX9: 8 | CF9: Marge sur services contractuels
A10: La différence entre (A) et la somme de [(a) à (g)] est-elle expliquée? (1. Oui ou 2. Non) L'explication doit figurer dans la section « Généralités » du rapport de l'actuaire désigné. | C10: Angola | E10: Entité (filiale ou succursale) 9 | G10: Rentes immédiates | I10: Changements liés à la marge sur services contractuels | Q10: Boliviano bolivien | U10: Coassurance – Assurance vie temporaire | W10: Autre assurance vie individuelle | AB10: Espèces et financement à court terme | AH10: Intérêt résiduel du sous-compte, fin de l’exercice (***) | AX10: 9 | AZ10: 9 | BB10: 9 | BD10: 9 | BJ10: Passifs (+) ou actifs (-) au titre des contrats d’assurance | BX10: 9 | CF10: Élément de perte
C11: Antigua-et-Barbuda | E11: Entité (filiale ou succursale) 10 | G11: Rentes en capitalisation | I11: Autre | Q11: Cedi ghanéen | U11: Coassurance – Assurance maladies graves | W11: Rentes immédiates | AB11: Billets de cession interne | AH11: Sous-compte (passif et excédent), début de l’exercice, comme déclaré antérieurement | AX11: 10 | AZ11: 10 | BB11: 10 | BD11: 10 | BX11: 10
C12: Arabie saoudite | E12: Entité (filiale ou succursale) 11 | G12: Assurance longévité | Q12: Colón costaricien | U12: Coassurance – Autre | W12: Rentes en capitalisation | AB12: Intersociétés | AH12: Sous-compte redressé (passif et excédent), début de l’exercice | AX12: 11 | AZ12: 11 | BB12: 11 | BD12: 11 | BX12: 11
C13: Argentine | E13: Entité (filiale ou succursale) 12 | G13: Fonds distincts sans garanties | Q13: Cordoba nicaraguayen | U13: Swap de longévité | W13: Assurance longévité | AB13: Dérivés | AH13: Total du sous-compte (passif et excédent), fin de l’exercice | AX13: 12 | AZ13: 12 | BB13: 12 | BD13: 12 | BX13: 12
C14: Arménie | E14: Entité (filiale ou succursale) 13 | G14: Fonds distincts avec garanties | Q14: Couronne danoise | U14: Réassurance longévité | W14: Fonds distincts avec garanties | AB14: Autres actifs investis | AH14: Participations des titulaires de polices (à l’exclusion des bonifications pour absence de sinistres) – Brutes | AX14: 13 | AZ14: 13 | BB14: 13 | BD14: 13 | BX14: 13
C15: Australie | E15: Entité (filiale ou succursale) 14 | G15: Autres rentes | Q15: Couronne féroïenne | U15: Réassurance – Autre | W15: Autres rentes | AB15: Autres actifs | AH15: Participations des titulaires de polices (à l’exclusion des bonifications pour absence de sinistres) – Présumées | AX15: 14 | AZ15: 14 | BB15: 14 | BD15: 14 | BX15: 14
C16: Autriche | E16: Entité (filiale ou succursale) 15 | G16: Assurance invalidité de longue durée | Q16: Couronne islandaise | W16: Assurance invalidité de longue durée | AH16: Participations des titulaires de polices (à l’exclusion des bonifications pour absence de sinistres) – Cédées | AX16: 15 | AZ16: 15 | BB16: 15 | BD16: 15 | BX16: 15
C17: Azerbaïdjan | E17: Entité (filiale ou succursale) 16 | G17: Assurance maladies graves | Q17: Couronne norvégienne | W17: Assurance maladies graves | AH17: Participations des titulaires de polices (à l’exclusion des bonifications pour absence de sinistres) – Nettes | AX17: 16 | AZ17: 16 | BB17: 16 | BD17: 16 | BX17: 16
C18: Bahamas | E18: Entité (filiale ou succursale) 17 | G18: Assurance soins de longue durée | Q18: Couronne suédoise | W18: Assurance soins de longue durée | AH18: Prélèvements de l’excédent du sous-compte et virements au compte des actionnaires conformément à l’alinéa 462a) de la LSA, si inclus dans le revenu net (*) | AX18: 17 | AZ18: 17 | BB18: 17 | BD18: 17 | BX18: 17
C19: Bahreïn | E19: Entité (filiale ou succursale) 18 | G19: Autre assurance maladie individuelle | Q19: Couronne tchèque | W19: Autre assurance maladie individuelle | AH19: Calcul des virements en vertu de l’alinéa 462a) en conformité avec l’article 461 de la LSA | AX19: 18 | AZ19: 18 | BB19: 18 | BD19: 18 | BX19: 18
C20: Bangladesh | E20: Entité (filiale ou succursale) 19 | G20: Assurance vie collective incluant l’assurance en cas de décès par accident | Q20: Dalasi gambien | W20: Assurance vie collective incluant l’assurance en cas de décès par accident | AX20: 19 | AZ20: 19 | BB20: 19 | BD20: 19 | BX20: 19
C21: Barbade | E21: Entité (filiale ou succursale) 20 | G21: Assurance maladie collective | Q21: Denar macédonien | W21: Assurance maladie collective | AH21: * Certaines sociétés incluent les virements en vertu de l’alinéa 462a) dans le revenu net tandis que d’autres les déclarent comme un prélèvement de l’excédent du compte avec participation. | AX21: 20 | AZ21: 20 | BB21: 20 | BD21: 20 | BX21: 20
C22: Bélarus | E22: Entité (filiale ou succursale) 21 | G22: Assurance invalidité collective | Q22: Dinar algérien | W22: Assurance invalidité collective | AH22: ** Explication détaillée de la raison de tout autre virement ou prélèvement de ce type. | AX22: 21 | AZ22: 21 | BB22: 21 | BD22: 21 | BX22: 21
C23: Belgique | E23: Entité (filiale ou succursale) 22 | G23: Autres produits d’assurance collective | Q23: Dinar bahreïni | W23: Autres produits d’assurance collective | AH23: *** L’excédent du total du compte de contrats avec participation doit correspondre au montant déclaré à la ligne 199, page 20.040 du relevé trimestriel VIE (sociétés d’assurance vie canadiennes). | AX23: 22 | AZ23: 22 | BB23: 22 | BD23: 22 | BX23: 22
C24: Bélize | E24: Entité (filiale ou succursale) 23 | G24: TRA – Assurance vie temporaire | Q24: Dinar irakien | W24: Swap de longévité | AH24: **** L’intérêt résiduel du total du compte de contrats avec participation doit correspondre au montant déclaré à la ligne 599, page 20.040 du relevé trimestriel VIE (sociétés d’assurance vie canadiennes). | AX24: 23 | AZ24: 23 | BB24: 23 | BD24: 23 | BX24: 23
C25: Bénin | E25: Entité (filiale ou succursale) 24 | G25: TRA – Assurance vie entière ou assurance vie mixte | Q25: Dinar jordanien | W25: Réassurance longévité | AX25: 24 | AZ25: 24 | BB25: 24 | BD25: 24 | BX25: 24
C26: Bermudes | E26: Entité (filiale ou succursale) 25 | G26: TRA – Assurance vie universelle ou assurance vie universelle variable | Q26: Dinar koweïtien | W26: Autre | AX26: 25 | AZ26: 25 | BB26: 25 | BD26: 25 | BX26: 25
C27: Bhoutan | E27: Entité (filiale ou succursale) 26 | G27: TRA – Assurance vie ou maladie collective | Q27: Dinar libyen | AX27: 26 | AZ27: 26 | BB27: 26 | BD27: 26 | BX27: 26
C28: Bolivie | E28: Entité (filiale ou succursale) 27 | G28: Coassurance – Assurance vie entière ou assurance vie mixte | Q28: Dinar serbe | AX28: 27 | AZ28: 27 | BB28: 27 | BD28: 27 | BX28: 27
C29: Bosnie-Herzégovine | E29: Entité (filiale ou succursale) 28 | G29: Coassurance – Assurance vie universelle ou assurance vie universelle variable | Q29: Dinar tunisien | AX29: 28 | AZ29: 28 | BB29: 28 | BD29: 28 | BX29: 28
C30: Botswana | E30: Entité (filiale ou succursale) 29 | G30: Coassurance – Assurance vie, maladie ou invalidité collective | Q30: Dirham des Émirats arabes unis | AX30: 29 | AZ30: 29 | BB30: 29 | BD30: 29 | BX30: 29
C31: Brésil | E31: Entité (filiale ou succursale) 30 | G31: Coassurance – Assurance vie temporaire | Q31: Dirham marocain | AX31: 30 | AZ31: 30 | BB31: 30 | BD31: 30 | BX31: 30
C32: Brunei | E32: Entité (filiale ou succursale) 31 | G32: Coassurance – Assurance maladies graves | Q32: Dobra de São Tomé-et-Príncipe | AX32: 31 | AZ32: 31 | BB32: 31 | BD32: 31 | BX32: 31
C33: Bulgarie | E33: Entité (filiale ou succursale) 32 | G33: Coassurance – Autre | Q33: Dollar américain | AX33: 32 | AZ33: 32 | BB33: 32 | BD33: 32 | BX33: 32
C34: Burkina Faso | E34: Entité (filiale ou succursale) 33 | G34: Swap de longévité | Q34: Dollar australien | AX34: 33 | AZ34: 33 | BB34: 33 | BD34: 33 | BX34: 33
C35: Burundi | E35: Entité (filiale ou succursale) 34 | G35: Réassurance de longévité | Q35: Dollar bahaméen | AX35: 34 | AZ35: 34 | BB35: 34 | BD35: 34 | BX35: 34
C36: Cambodge | E36: Entité (filiale ou succursale) 35 | G36: Réassurance – Autre | Q36: Dollar barbadien | AX36: 35 | AZ36: 35 | BB36: 35 | BD36: 35 | BX36: 35
C37: Cameroun | E37: Entité (filiale ou succursale) 36 | Q37: Dollar bélizien | AX37: 36 | AZ37: 36 | BB37: 36 | BD37: 36 | BX37: 36
C38: Cap-Vert | E38: Entité (filiale ou succursale) 37 | Q38: Dollar bermudien | AX38: 37 | AZ38: 37 | BB38: 37 | BD38: 37 | BX38: 37
C39: Chili | E39: Entité (filiale ou succursale) 38 | Q39: Dollar canadien | AX39: 38 | AZ39: 38 | BB39: 38 | BD39: 38 | BX39: 38
C40: Chine | E40: Entité (filiale ou succursale) 39 | Q40: Dollar de Brunei | AX40: 39 | AZ40: 39 | BB40: 39 | BD40: 39 | BX40: 39
C41: Chypre | E41: Entité (filiale ou succursale) 40 | Q41: Dollar de Hong Kong | AX41: 40 | AZ41: 40 | BB41: 40 | BD41: 40 | BX41: 40
C42: Colombie | E42: Entité (filiale ou succursale) 41 | Q42: Dollar de Niue [E] | AX42: 41 | AZ42: 41 | BB42: 41 | BD42: 41 | BX42: 41
C43: Comores | E43: Entité (filiale ou succursale) 42 | Q43: Dollar de Singapour | AX43: 42 | AZ43: 42 | BB43: 42 | BD43: 42 | BX43: 42
C44: Congo (Congo-Brazzaville) | E44: Entité (filiale ou succursale) 43 | Q44: Dollar de Trinité-et-Tobago | AX44: 43 | AZ44: 43 | BB44: 43 | BD44: 43 | BX44: 43
C45: Corée du Nord | E45: Entité (filiale ou succursale) 44 | Q45: Dollar des Caraïbes orientales | AX45: 44 | AZ45: 44 | BB45: 44 | BD45: 44 | BX45: 44
C46: Corée du Sud | E46: Entité (filiale ou succursale) 45 | Q46: Dollar des Îles Caïmans | AX46: 45 | AZ46: 45 | BB46: 45 | BD46: 45 | BX46: 45
C47: Costa Rica | E47: Entité (filiale ou succursale) 46 | Q47: Dollar des Îles Cook | AX47: 46 | AZ47: 46 | BB47: 46 | BD47: 46 | BX47: 46
C48: Côte d’Ivoire | E48: Entité (filiale ou succursale) 47 | Q48: Dollar des îles Pitcairn [E] | AX48: 47 | AZ48: 47 | BB48: 47 | BD48: 47 | BX48: 47
... C101: Laos | E101: Entité (filiale ou succursale) 100 | Q101: Livre des Îles Malouines | AX101: 100 | AZ101: 100 | BB101: 100 | BD101: 100 | BX101: 100
C102: Lesotho | E102: Entité (filiale ou succursale) 101 | Q102: Livre égyptienne | AX102: 101 | AZ102: 101 | BB102: 101 | BD102: 101
C103: Lettonie | E103: Entité (filiale ou succursale) 102 | Q103: Livre libanaise | AX103: 102 | AZ103: 102 | BB103: 102 | BD103: 102
C104: Liban | E104: Entité (filiale ou succursale) 103 | Q104: Livre mannoise | AX104: 103 | AZ104: 103 | BB104: 103 | BD104: 103
C105: Libéria | E105: Entité (filiale ou succursale) 104 | Q105: Livre soudanaise | AX105: 104 | AZ105: 104 | BB105: 104 | BD105: 104
C106: Libye | E106: Entité (filiale ou succursale) 105 | Q106: Livre sterling [F] | AX106: 105 | AZ106: 105 | BB106: 105 | BD106: 105
C107: Liechtenstein | E107: Entité (filiale ou succursale) 106 | Q107: Livre sud-soudanaise | AX107: 106 | AZ107: 106 | BB107: 106 | BD107: 106
C108: Lituanie | E108: Entité (filiale ou succursale) 107 | Q108: Livre syrienne | AX108: 107 | AZ108: 107 | BB108: 107 | BD108: 107
C109: Luxembourg | E109: Entité (filiale ou succursale) 108 | Q109: Livre turque | AX109: 108 | AZ109: 108 | BB109: 108 | BD109: 108
C110: Macédoine du Nord | E110: Entité (filiale ou succursale) 109 | Q110: Loti du Lesotho | AX110: 109 | AZ110: 109 | BB110: 109 | BD110: 109
C111: Madagascar | E111: Entité (filiale ou succursale) 110 | Q111: Manat azerbaïdjanais | AX111: 110 | AZ111: 110 | BB111: 110 | BD111: 110
C112: Malaisie | E112: Entité (filiale ou succursale) 111 | Q112: Manat turkmène | AX112: 111 | AZ112: 111 | BB112: 111 | BD112: 111
C113: Malawi | E113: Entité (filiale ou succursale) 112 | Q113: Mark convertible de Bosnie-Herzégovine | AX113: 112 | AZ113: 112 | BB113: 112 | BD113: 112
... C172: Soudan du Sud | E172: Entité (filiale ou succursale) 171 | Q172: Złoty polonais | AX172: 171 | AZ172: 171 | BB172: 171 | BD172: 171
C173: Sri Lanka | E173: Entité (filiale ou succursale) 172 | AX173: 172 | AZ173: 172 | BB173: 172 | BD173: 172
C174: Suède | E174: Entité (filiale ou succursale) 173 | AX174: 173 | AZ174: 173 | BB174: 173 | BD174: 173
C175: Suisse | E175: Entité (filiale ou succursale) 174 | AX175: 174 | AZ175: 174 | BB175: 174 | BD175: 174
C176: Suriname | E176: Entité (filiale ou succursale) 175 | AX176: 175 | AZ176: 175 | BB176: 175 | BD176: 175
C177: Syrie | E177: Entité (filiale ou succursale) 176 | AX177: 176 | AZ177: 176 | BB177: 176 | BD177: 176
C178: Tadjikistan | E178: Entité (filiale ou succursale) 177 | AX178: 177 | AZ178: 177 | BB178: 177 | BD178: 177
C179: Taïwan | E179: Entité (filiale ou succursale) 178 | AX179: 178 | AZ179: 178 | BB179: 178 | BD179: 178
C180: Tanzanie | E180: Entité (filiale ou succursale) 179 | AX180: 179 | AZ180: 179 | BB180: 179 | BD180: 179
C181: Tchad | E181: Entité (filiale ou succursale) 180 | AX181: 180 | AZ181: 180 | BB181: 180 | BD181: 180
C182: Tchécoslovaquie (République tchèque) | E182: Entité (filiale ou succursale) 181 | AX182: 181 | AZ182: 181 | BB182: 181 | BD182: 181
C183: Thaïlande | E183: Entité (filiale ou succursale) 182 | AX183: 182 | AZ183: 182 | BB183: 182 | BD183: 182
C184: Timor-Leste | E184: Entité (filiale ou succursale) 183 | AX184: 183 | AZ184: 183 | BB184: 183 | BD184: 183
... C199: Zimbabwe | E199: Entité (filiale ou succursale) 198 | AX199: 198 | AZ199: 198 | BB199: 198 | BD199: 198
E200: Entité (filiale ou succursale) 199 | AX200: 199 | AZ200: 199 | BB200: 199 | BD200: 199
E201: Entité (filiale ou succursale) 200 | AX201: 200 | AZ201: 200 | BB201: 200 | BD201: 200
E202: Entité (filiale ou succursale) 201 | AX202: 201 | AZ202: 201 | BB202: 201 | BD202: 201
E203: Entité (filiale ou succursale) 202 | AX203: 202 | AZ203: 202 | BB203: 202 | BD203: 202
E204: Entité (filiale ou succursale) 203 | AX204: 203 | AZ204: 203 | BB204: 203 | BD204: 203
E205: Entité (filiale ou succursale) 204 | AX205: 204 | AZ205: 204 | BB205: 204 | BD205: 204
E206: Entité (filiale ou succursale) 205 | AX206: 205 | AZ206: 205 | BB206: 205 | BD206: 205
E207: Entité (filiale ou succursale) 206 | AX207: 206 | AZ207: 206 | BB207: 206 | BD207: 206
E208: Entité (filiale ou succursale) 207 | AX208: 207 | AZ208: 207 | BB208: 207 | BD208: 207
E209: Entité (filiale ou succursale) 208 | AX209: 208 | AZ209: 208 | BB209: 208 | BD209: 208
E210: Entité (filiale ou succursale) 209 | AX210: 209 | AZ210: 209 | BB210: 209 | BD210: 209
E211: Entité (filiale ou succursale) 210 | AX211: 210 | AZ211: 210 | BB211: 210 | BD211: 210
... E1000: Entité (filiale ou succursale) 999 | AX1000: 999 | AZ1000: 999 | BB1000: 999 | BD1000: 999

Sheet Lookup Tables
A4: Product Lines | C4: Portfolio | E4: Entity( Subsidiary/Branch) | G4: Liquidity category | I4: Product Type | J4: Type of Product of the Underlying Direct Contracts | K4: Asset segment | L4: Type of Reinsurance | M4: Par sub-account | O4: Participating dividend class | Q4: Type of product | R4: Line Of Business | S4: Country | T4: Group | U4: Currency | V4: Type of Reinsurance Credit Taken | W4: Type of curve | X4: Direct or Reinsurance | Y4: Type of product for cashflows GMM and VFA | Z4: Approach chosen for setting the Risk Adjustment | AA4: Type of Cash Flows | AB4: IFRS Standard | AC4: Par demutualization account sub-type | AD4: Choose | AE4: Par sub account type | AF4: Modeling for financial gtd | AG4: Yes/No | AH4: Transition | AI4: Type of Credit Taken | AJ4: Valuation Approach | AK4: Assumption and Methodology Changes | AL4: Quarter | AM4: Yes/No | AN4: numbering | AO4: Country2 | AP4: Currency | AQ4: Reinsurance | AR4: Peer Reviewer Year
A5: Traditional Whole Life Insurance / Endowment | C5: Portfolio#1 | E5: Entity( Subsidiary/Branch)#1 | G5: Liquidity Category#1 | I5: Term life | J5: Term life | K5: Asset Segment#1 | L5: Modified Coinsurance | M5: Sub-account#1 | O5: Participating dividend class #1 | Q5: Par | R5: Individual Insurance | S5: Canada | T5: Groups of contracts that are onerous | U5: CAD | V5: Liabilities | W5: Spot | X5: Insurance contracts issued | Y5: Non-Par (Other than Universal Life) | Z5: Margin | AA5: Cash flows that do not vary with the underlying | AB5: IFRS 9 | AC5: Ancillary account | AD5: Observable | AE5: Open | AF5: Stochastic | AG5: Yes | AH5: Modified retrospective approach | AI5: Liabilities | AJ5: GMA | AK5: Changes in methodology | AL5: Q1 | AM5: Yes | AN5: 1 | AO5: Canada | AP5: Abkhazian apsar[E] | AQ5: Gross | AR5: 2024
A6: Participating Life Insurance | C6: Portfolio#2 | E6: Entity( Subsidiary/Branch)#2 | G6: Liquidity Category#2 | I6: Whole life/Endowment | J6: T100 | K6: Asset Segment#2 | L6: Quota Share | M6: Sub-account#2 | O6: Participating dividend class #2 | Q6: Non-par | R6: Group Insurance | S6: United States | T6: Groups of contracts that have no significant possibility of becoming onerous | U6: USD | V6: Assets owed | W6: Forward | X6: Reinsurance contracts held | Y6: Non-Par Universal Life | Z6: Cost of Capital | AA6: Cash flows that vary with the underlying | AB6: IFRS 15 | AC6: Closed Account | AD6: Not observable | AE6: Closed | AF6: Deterministic | AG6: No | AH6: Fair value | AI6: Assets owed | AJ6: PAA | AK6: Changes in the estimates of future cash flows | AL6: Q2 | AM6: No | AN6: 2 | AO6: US | AP6: Afghan afghani | AQ6: Net | AR6: 2023
A7: Term Life Insurance (excluding T100) | C7: Portfolio#3 | E7: Entity( Subsidiary/Branch)#3 | G7: Liquidity Category#3 | I7: Adjustable Whole life/Endowment | J7: Whole life/Endowment | K7: Asset Segment#3 | L7: Excess of Loss | M7: Sub-account#3 | O7: Participating dividend class #3 | Q7: Neither | R7: Individual Annuity | S7: Afghanistan | T7: Groups of remaining contracts | U7: AED | Y7: Par | Z7: Var | AA7: Combined cash flows that vary and do not vary with the underlying | AB7: Other | AE7: Demutualization | AF7: Other | AH7: NA - Contracts after 2023+ or retrospective approach | AJ7: VFA | AK7: Changes to Risk Adjustment for Non-Financial Risk (e.g. changes in margins if the margin approach is chosen, change in the cost of capital rate if cost of capital approach is chosen, etc.) | AL7: Q3 | AN7: 3 | AP7: Albanian lek
A8: T100 | C8: Portfolio#4 | E8: Entity( Subsidiary/Branch)#4 | G8: Liquidity Category#4 | I8: Adjustable Other | J8: Universal Life/Variable Universal Life | K8: Asset Segment#4 | L8: Coinsurance with Funds Withheld | M8: Sub-account#4 | O8: Participating dividend class #4 | R8: Group Annuity | S8: Albania | U8: AFN | Y8: Segregated funds | Z8: Other | AF8: N/A | AK8: Changes resulting from special, particular or one-time circumstances (e.g. new standards, change in methodology, etc.) | AL8: Q4 | AN8: 4 | AP8: Alderney pound[E]
A9: Universal Life Insurance (Level COI) | C9: Portfolio#5 | E9: Entity( Subsidiary/Branch)#5 | G9: Liquidity Category#5 | I9: Universal life | J9: Adjustable Whole life/Endowment | K9: Asset Segment#5 | L9: First Dollar | M9: Sub-account#5 | O9: Participating dividend class #5 | R9: Total Par | S9: Algeria | U9: ALL | AK9: Corrections to errors | AN9: 5 | AP9: Algerian dinar
A10: Universal Life Insurance (YRT COI) | C10: Portfolio#6 | E10: Entity( Subsidiary/Branch)#6 | G10: Liquidity Category#6 | I10: Variable Universal Life | J10: Adjustable Other | K10: Asset Segment#6 | L10: Catastrophe Treaty | M10: Sub-account#6 | O10: Participating dividend class #6 | R10: Property & Casualty | S10: Andorra | U10: AMD | AK10: Changes due to a large non-usual transaction (e.g. reinsurance, acquisition, etc.) | AN10: 6 | AP10: Angolan kwanza
A11: Critical Illness Insurance | C11: Portfolio#7 | E11: Entity( Subsidiary/Branch)#7 | G11: Liquidity Category#7 | I11: Unit Linked | J11: Critical Illness | K11: Asset Segment#7 | L11: Non-Traditional Reinsurance | M11: Sub-account#7 | O11: Participating dividend class #7 | R11: Deposit Taking | S11: Angola | U11: ANG | AH11: Pre 2017 | AK11: Changes in other cash flows included in the estimates of cash flows (e.g. policy loans, prepaid premium account, policyholder deposit type account such as amounts on deposit, claim fluctuation reserve, premium stabilization reserve, etc.) | AN11: 7 | AP11: Argentine peso
A12: Long-term Care | C12: Portfolio#8 | E12: Entity( Subsidiary/Branch)#8 | G12: Liquidity Category#8 | I12: Other Individual Life | J12: Long Term Disability | K12: Asset Segment#8 | L12: Other | M12: Sub-account#8 | O12: Participating dividend class #8 | R12: Other | S12: Antigua and Barbuda | U12: AOA | AH12: Pre 2018 | AK12: Changes due to any administrative and corporate changes (e.g. new systems, change in investment policy, etc.) | AN12: 8 | AP12: Armenian dram
A13: Deferred (Accumulation) Fixed Annuity | C13: Portfolio#9 | E13: Entity( Subsidiary/Branch)#9 | G13: Liquidity Category#9 | I13: Payout Annuities | J13: Long Term Care | K13: Asset Segment#9 | M13: Sub-account#9 | O13: Participating dividend class #9 | S13: Argentina | U13: ARS | AH13: Pre 2019 | AK13: Changes related to contractual service margin | AN13: 9 | AP13: Artsakh dram[E]
A14: Segregated Funds | C14: Portfolio#10 | E14: Entity( Subsidiary/Branch)#10 | G14: Liquidity Category#10 | I14: Accumulation Annuities | J14: Segregated funds with guarantees | K14: Asset Segment#10 | M14: Sub-account#10 | O14: Participating dividend class #10 | S14: Armenia | U14: AUD | AH14: Pre 2020 | AK14: Other | AN14: 10 | AP14: Aruban florin
A15: Group Life and Health Insurance (including Group Disability Income) | C15: Portfolio#11 | E15: Entity( Subsidiary/Branch)#11 | G15: Liquidity Category#11 | I15: Longevity | J15: Payout Annuities | K15: Asset Segment#11 | M15: Sub-account#11 | O15: Participating dividend class #11 | S15: Australia | U15: AWG | AH15: Pre 2021 | AN15: 11 | AP15: Australian dollar
A16: Individual Disability Income | C16: Portfolio#12 | E16: Entity( Subsidiary/Branch)#12 | G16: Liquidity Category#12 | I16: Segregated funds without Guarantees | J16: Accumulation Annuities | K16: Asset Segment#12 | M16: Sub-account#12 | O16: Participating dividend class #12 | S16: Austria | U16: AZN | AH16: Pre 2022 | AK16: Discount rate changes for cash flows that vary | AN16: 12 | AP16: Azerbaijani manat
A17: Liabilities for Incurred Claims (e.g. Group/Individual LTD claims) | C17: Portfolio#13 | E17: Entity( Subsidiary/Branch)#13 | G17: Liquidity Category#13 | I17: Segregated funds with Guarantees | J17: Other Annuities | K17: Asset Segment#13 | M17: Sub-account#13 | O17: Participating dividend class #13 | S17: Azerbaijan | U17: BAM | AH17: 2017-2022 | AK17: Impact of changes in the provision for cost of guarantee | AN17: 13 | AP17: Bahamian dollar
A18: Payout Annuity | C18: Portfolio#14 | E18: Entity( Subsidiary/Branch)#14 | G18: Liquidity Category#14 | I18: Other Annuities | J18: Longevity | K18: Asset Segment#14 | M18: Sub-account#14 | O18: Participating dividend class #14 | S18: Bahamas | U18: BBD | AH18: 2018-2022 | AK18: Changes made to the stochastic model is used for valuation | AN18: 14 | AP18: Bahraini dinar
A19: Creditor Insurance | C19: Portfolio#15 | E19: Entity( Subsidiary/Branch)#15 | G19: Liquidity Category#15 | I19: Long Term Disability | J19: Other Individual Health | K19: Asset Segment#15 | M19: Sub-account#15 | O19: Participating dividend class #15 | S19: Bahrain | U19: BDT | AH19: 2019-2022 | AK19: Discount rate changes within the unobservable period - interpolation method change | AN19: 15 | AP19: Bangladeshi taka
A20: Stop Loss, Catastrophe Reinsurance | C20: Portfolio#16 | E20: Entity( Subsidiary/Branch)#16 | G20: Liquidity Category#16 | I20: Critical Illness | J20: Other Individual Life | K20: Asset Segment#16 | M20: Sub-account#16 | O20: Participating dividend class #16 | S20: Bangladesh | U20: BGN | AH20: 2020-2022 | AK20: Discount rate changes within the unobservable period - ultimate risk free rate changes | AN20: 16 | AP20: Barbadian dollar
A21: YRT reinsurance (mortality or morbidity risk only) | C21: Portfolio#17 | E21: Entity( Subsidiary/Branch)#17 | G21: Liquidity Category#17 | I21: Long Term Care | J21: Unit Linked | K21: Asset Segment#17 | M21: Sub-account#17 | O21: Participating dividend class #17 | S21: Barbados | U21: BHD | AH21: 2021-2022 | AK21: Discount rate changes within the unobservable period - ultimate liquidity premium changes | AN21: 17 | AP21: Belarusian ruble
A22: Other | C22: Portfolio#18 | E22: Entity( Subsidiary/Branch)#18 | G22: Liquidity Category#18 | I22: Other Individual Health | J22: Group Life including Accidental Death | K22: Asset Segment#18 | M22: Sub-account#18 | O22: Participating dividend class #18 | S22: Belarus | U22: BIF | AK22: Other Changes in methodology | AN22: 18 | AP22: Belize dollar
C23: Portfolio#19 | E23: Entity( Subsidiary/Branch)#19 | G23: Liquidity Category#19 | I23: Group Life including Accidental Death | J23: Group Life & Disability | K23: Asset Segment#19 | M23: Sub-account#19 | O23: Participating dividend class #19 | S23: Belgium | U23: BMD | AK23: Other | AN23: 19 | AP23: Bermudian dollar
C24: Portfolio#20 | E24: Entity( Subsidiary/Branch)#20 | G24: Liquidity Category#20 | I24: Group Health | J24: Group Disability | K24: Asset Segment#20 | M24: Sub-account#20 | O24: Participating dividend class #20 | S24: Belize | U24: BND | AN24: 20 | AP24: Bhutanese ngultrum
E25: Entity( Subsidiary/Branch)#21 | I25: Group Disability | J25: Group Health | S25: Benin | U25: BOB | AH25: Yes | AN25: 21 | AP25: Bitcoin[5]
E26: Entity( Subsidiary/Branch)#22 | I26: Other Group products | J26: Other Group products | S26: Bermuda | U26: BRL | AH26: No | AN26: 22 | AP26: Bolivian boliviano
E27: Entity( Subsidiary/Branch)#23 | I27: YRT- Term Life | J27: Other | S27: Bhutan | U27: BSD | AN27: 23 | AP27: Bosnia and Herzegovina convertible mark
E28: Entity( Subsidiary/Branch)#24 | I28: YRT - Whole Life/Endowment | J28: YRT - Term Life | S28: Bolivia | U28: BTN | AN28: 24 | AP28: Botswana pula
E29: Entity( Subsidiary/Branch)#25 | I29: YRT - universal Life/Variable universal Life | J29: Coinsurance - Term Life | S29: Bosnia and Herzegovina | U29: BWP | AN29: 25 | AP29: Brazilian real
E30: Entity( Subsidiary/Branch)#26 | I30: YRT - Group Life or Group Health | J30: YRT - Other | S30: Botswana | U30: BYN | AN30: 26 | AP30: British pound[F]
E31: Entity( Subsidiary/Branch)#27 | I31: YRT - Whole Life/Endowment | J31: Coinsurance - Other | S31: Brazil | U31: BZD | AN31: 27 | AP31: Brunei dollar
E32: Entity( Subsidiary/Branch)#28 | I32: YRT - universal Life/Variable universal Life | J32: Reinsurance - Other | S32: Brunei | U32: CDF | AN32: 28 | AP32: Bulgarian lev
E33: Entity( Subsidiary/Branch)#29 | I33: YRT - Group Life | S33: Bulgaria | U33: CHF | AN33: 29 | AP33: Burmese kyat
E34: Entity( Subsidiary/Branch)#30 | I34: YRT - Term Life | S34: Burkina Faso | U34: CKD | AN34: 30 | AP34: Burundian franc
E35: Entity( Subsidiary/Branch)#31 | I35: YRT - Other | S35: Burundi | U35: CLP | AN35: 31 | AP35: Cambodian riel
E36: Entity( Subsidiary/Branch)#32 | I36: Coinsurance - Whole Life/Endowment | S36: Cabo Verde | U36: CNY | AN36: 32 | AP36: Canadian dollar
E37: Entity( Subsidiary/Branch)#33 | I37: Coinsurance - Universal Life/Variable Universal Life | S37: Cambodia | U37: COP | AN37: 33 | AP37: Cape Verdean escudo
E38: Entity( Subsidiary/Branch)#34 | I38: Coinsurance - Group Life/Health/Disability | S38: Cameroon | U38: CRC | AN38: 34 | AP38: Cayman Islands dollar
E39: Entity( Subsidiary/Branch)#35 | I39: Coinsurance - Term Life | S39: Central African Republic | U39: CUC | AN39: 35 | AP39: Central African CFA franc
E40: Entity( Subsidiary/Branch)#36 | I40: Coinsurance - Critical Illness | S40: Chad | U40: CUP | AN40: 36 | AP40: CFP franc
E41: Entity( Subsidiary/Branch)#37 | I41: Coinsurance - Other | S41: Chile | U41: CVE | AN41: 37 | AP41: Chilean peso
E42: Entity( Subsidiary/Branch)#38 | I42: Longevity Swap | S42: China | U42: CZK | AN42: 38 | AP42: Chinese yuan
E43: Entity( Subsidiary/Branch)#39 | I43: Longevity Reinsurance | S43: Colombia | U43: DJF | AN43: 39 | AP43: Colombian peso
E44: Entity( Subsidiary/Branch)#40 | I44: Reinsurance- Other | S44: Comoros | U44: DKK | AN44: 40 | AP44: Comorian franc
E45: Entity( Subsidiary/Branch)#41 | S45: Congo (Congo-Brazzaville) | U45: DOP | AN45: 41 | AP45: Congolese franc
E46: Entity( Subsidiary/Branch)#42 | S46: Costa Rica | U46: DZD | AN46: 42 | AP46: Cook Islands dollar
E47: Entity( Subsidiary/Branch)#43 | S47: Côte d'Ivoire | U47: EGP | AN47: 43 | AP47: Costa Rican colón
E48: Entity( Subsidiary/Branch)#44 | S48: Croatia | U48: ERN | AN48: 44 | AP48: Croatian kuna
E49: Entity( Subsidiary/Branch)#45 | S49: Cuba | U49: ETB | AN49: 45 | AP49: Cuban peso
E50: Entity( Subsidiary/Branch)#46 | S50: Cyprus | U50: EUR | AN50: 46 | AP50: Czech koruna
E51: Entity( Subsidiary/Branch)#47 | S51: Czechia (Czech Republic) | U51: FJD | AN51: 47 | AP51: Danish krone
E52: Entity( Subsidiary/Branch)#48 | S52: Democratic Republic of the Congo | U52: FKP | AN52: 48 | AP52: Djiboutian franc
E53: Entity( Subsidiary/Branch)#49 | S53: Denmark | U53: FOK | AN53: 49 | AP53: Dominican peso
E54: Entity( Subsidiary/Branch)#50 | S54: Djibouti | U54: GBP | AN54: 50 | AP54: Eastern Caribbean dollar
E55: Entity( Subsidiary/Branch)#51 | S55: Dominica | U55: GEL | AN55: 51 | AP55: Egyptian pound
E56: Entity( Subsidiary/Branch)#52 | S56: Dominican Republic | U56: GGP | AN56: 52 | AP56: Eritrean nakfa
... E101: Entity( Subsidiary/Branch)#97 | S101: Latvia | U101: MOP | AN101: 97 | AP101: Mauritanian ouguiya
S102: Lebanon | U102: MRU | AN102: 98 | AP102: Mauritian rupee
S103: Lesotho | U103: MUR | AN103: 99 | AP103: Mexican peso
S104: Liberia | U104: MVR | AN104: 100 | AP104: Moldovan leu
S105: Libya | U105: MWK | AN105: 101 | AP105: Mongolian tögrög
S106: Liechtenstein | U106: MXN | AN106: 102 | AP106: Moroccan dirham
S107: Lithuania | U107: MYR | AN107: 103 | AP107: Mozambican metical
S108: Luxembourg | U108: MZN | AN108: 104 | AP108: Namibian dollar
S109: Madagascar | U109: NAD | AN109: 105 | AP109: Nepalese rupee
S110: Malawi | U110: NGN | AN110: 106 | AP110: Netherlands Antillean guilder
S111: Malaysia | U111: NIO | AN111: 107 | AP111: New Taiwan dollar
S112: Maldives | U112: NOK | AN112: 108 | AP112: New Zealand dollar
S113: Mali | U113: NPR | AN113: 109 | AP113: Nicaraguan córdoba
... S169: South Africa | U169: ZMW | AN169: 165 | AP169: Uzbekistani soʻm
S170: South Korea | AN170: 166 | AP170: Vanuatu vatu
S171: South Sudan | AN171: 167 | AP171: Venezuelan bolívar soberano
S172: Spain | AN172: 168 | AP172: Vietnamese đồng
S173: Sri Lanka | AN173: 169 | AP173: West African CFA franc
S174: Sudan | AN174: 170 | AP174: Yemeni rial
S175: Suriname | AN175: 171 | AP175: Zambian kwacha
S176: Sweden | AN176: 172
S177: Switzerland | AN177: 173
S178: Syria | AN178: 174
S179: Taiwan | AN179: 175
S180: Tajikistan | AN180: 176
S181: Tanzania | AN181: 177
S182: Thailand | AN182: 178
S183: Timor-Leste | AN183: 179
S184: Togo | AN184: 180
S185: Tonga | AN185: 181
S186: Trinidad and Tobago | AN186: 182
S187: Tunisia | AN187: 183
... S202: Zimbabwe | AN202: 198
AN203: 199
AN204: 200
AN205: 201
AN206: 202
AN207: 203
AN208: 204
AN209: 205
AN210: 206
AN211: 207
AN212: 208
AN213: 209
AN214: 210
... AN304: 300
